Workbook

Sheet ローラー
A1: お仕事No. | B1: 雇用形態 | C1: 派遣会社 | D1: 作業所名 | E1: 応募資格 | F1: URL | G1: 作業内容 | H1: 都道府県 | I1: 市区町村 | J1: 勤務形態 | K1: 月収例 | L1: 内訳 | M1: 残業手当 （日総・高木はH表記） | N1: 深夜手当 （日総は休出記載H表記） | O1: シフト | P1: 休日 | Q1: 長期休暇 | R1: 年間休日 | S1: 勤務時間備考 | T1: 法定内残業 (月平均※あくまで見込みとなります) | U1: 法定外残業 (月平均※あくまで見込みとなります) | V1: 開始 | W1: 終了 | X1: 公共交通機関での通勤 | Y1: 通勤手段 （車通勤可の場合は●・否は×の表記有） | Z1: 最寄駅 | AA1: 最寄駅からの距離 | AB1: その他 | AC1: PRポイント | AD1: 日払い制度 | AE1: 入寮可否 | AF1: 寮費負担 | AG1: 家族入寮 | AH1: 引っ越し費用 | AI1: カップル就業 | AJ1: 左記同ｼﾌﾄ | AK1: 寮費キャンペーンに関する備考 | AL1: 入社祝い金 | AM1: 入社祝金に関する備考 | AN1: その他キャンペーン | AO1: タトゥー | AP1: 外国籍 | AQ1: ﾌﾞﾙｰ・ｱﾙﾃｯｸ・新日本 枠 | AR1: 性別 | AS1: 年齢下限 | AT1: 年齢上限 （DPT・ｱﾙﾃｯｸ男） | AU1: 業務経験 | AV1: 職種経験 | AW1: 備考 | AX1: 性別 | AY1: 年齢下限 | AZ1: 年齢上限 （DPT・ｱﾙﾃｯｸ女） | BA1: 業務経験 | BB1: 職種経験 | BC1: 備考 | BD1: 口頭確認 | BE1: 経験ありの上限年齢 | BF1: 左記必要資格 | BG1: 男枠 | BH1: 女枠
A2: お仕事No. | B2: 雇用形態 | C2: N_一般案件 | D2: 現場名 | E2: 応募資格 | G2: 仕事内容詳細 | H2: 勤務地詳細 | J2: 勤務時間 | K2: 月収 | L2: 内訳 | P2: 休日 | Y2: 車通勤 | Z2: 最寄駅（駅） | AA2: 最寄駅（交通手段） | AC2: アピール | AE2: 外国籍可否 | AI2: カップル就業相談可 ※単身就業カップル入寮不可 | AP2: 家族寮相談可否 家族寮あり・事業所相談の記載がある場合は事前相談不要で面接時に相談 | AR2: 性別 | AS2: 年齢下限 | AT2: ※注意：年齢上限 ■年齢について ①本人年齢49歳までであれば、案件一覧の年齢上限に対して2歳オーバーまで相談不要 ②案件一覧の年齢上限に対して3歳オーバーは事前相談必要 ③本人年齢50歳以上54歳以下の場合は、事前相談必要（案件一覧の年齢上限に対し3歳オーバーまで） ④本人年齢55歳以上の場合相談不可 | BD2: 給与支払日
A3: 1A008 | B3: 派遣 | C3: N_一般案件 | D3: 函館エヌ・デー・ケー | E3: 経験不問 | G3: 携帯電話から情報を電波に乗せ正確に発信する役割（電波周波数を制御する機能）の水晶発信器・水晶振動子と、正確に受信する役割（電波周波数と選択する機能）の水晶フィルタ・SAWフィルタを製造・検査します。クリーンルーム内作業がメインとなります。 | H3: 北海道函館市鈴蘭丘町3-63 函館臨空工業団地 | J3: 8：00～16：50/20：00～翌4：50（交替制） | K3: 270000円以上可 | L3: 160Ｈ＋残業1500円×40Ｈ＋深夜300円×60Ｈ | P3: 4勤2休※職場カレンダーによる | Y3: ● | Z3: 函館駅 | AA3: 車25分 | AC3: 週払いOK！ワンルーム寮完備！男女ともに活躍中！有名製品に使われる精密部品の製造です！クリーンルーム内でのお仕事で、重量物も無く、簡単な作業から始めるので未経験の方でも安心です！マイカー通勤歓迎！広い駐車場があります！当社エリア社員登用制度あり！ | AE3: 外国籍NG | AI3: × | AP3: 事業所相談 | AR3: 男女 | AS3: 18 | AT3: 44 | BD3: 20日
A4: 1A045 | B4: 派遣 | C4: N_一般案件 | D4: 住鉱国富電子 | E4: 経験不問 | G4: 半導体（ウエハー）の製造オペレーター（機械による加工・研磨、及びそれらに関連する業務）。 | H4: 北海道岩内郡共和町国富351-1 | J4: 8：30～17：30/20：30～翌5：30（2交替） | K4: 282000円以上可 | L4: 168Ｈ＋残業1775円×15Ｈ＋深夜355円×50Ｈ | P4: 5勤2休※職場カレンダーによる | Y4: ● | Z4: 小沢駅 | AA4: 車5分 | AC4: 週払いOK！当社エリア社員登用制度あり！入社6ヶ月経過後に昇給あり、その後も一定期間毎に昇給します！寮完備（寮費・電気・ガス・水道合わせて5000円～10000円程度）！寮～工場間は徒歩3分内で通勤楽々です！幅広い年代の男性が活躍中！未経験者大歓迎♪長期勤務できる方大歓迎♪ | AE4: 外国籍NG | AI4: × | AP4: 家族寮なし | AR4: 男性 | AS4: 18 | AT4: 49 | BD4: 20日
A5: 1A151 | B5: 派遣 | C5: N_一般案件 | D5: 日本高圧コンクリート 栗山工場 | E5: 経験不問 | G5: コンクリート製造に関する補助作業・検査・加工など。 | H5: 北海道夕張郡栗山町錦4丁目3 | J5: 8：00～16：45（日勤） | K5: 197000円以上可 | L5: 月給190000円＋残業1520円×5Ｈ | P5: 土日休み※職場カレンダーによる | Y5: ● | Z5: 栗山駅 | AA5: 徒歩3分 | AC5: 当社エリア社員登用制度あり！入寮OK！寮費15000円（規定有）！寮から職場まで徒歩通勤可能です！人気の日勤・土日休み！未経験大歓迎♪幅広い年代の男性が多数活躍中！先輩方も近くにいるので初めてのお仕事でも安心です♪ | AE5: 外国籍NG | AI5: × | AP5: 家族寮なし | AR5: 男性 | AS5: 18 | AT5: 45 | BD5: 10日
A6: 1A296 | B6: 派遣 | C6: N_一般案件 | D6: いすゞエンジン製造北海道 | E6: 経験不問 | G6: エンジン部品の加工（エンジンへの各種部品の取付け・機械に部品をセットして加工を行うオペレーター・製品に不良が無いかの目視検査など）、鋳造（機械に部品をセットして鋳造を行うオペレーター・製品のバリなどを取り除き仕上げる作業・製品に不良が無いかの目視検査など）、再生作業（工具を使用してエンジンの分解・分解した部品の機械による研磨作業・製品の洗浄作業・製品の再塗装・エンジンの再組立作業・不具合等の検査・各種部品を部品棚から集めるピッキング作業）など。主に3つの工程（その他の可能性もあり）に配属、工程の中には部署が複数あります。 | H6: 北海道苫小牧市柏原1-4 | J6: ①7：00～15：45②18：30～翌3：15※①②2交替または①日勤（選択不可）※勤務時間帯は配属部署により異なります | K6: 295000円以上可 | L6: 月給200000円＋残業1538円×35Ｈ＋休出1538円×16Ｈ＋深夜308円×55Ｈ | P6: 5勤2休・4勤2休※配属部署による | Y6: ● | Z6: 沼ノ端駅 | AA6: 車10分 | AC6: 6月入社特典最大15万円（規定有）！寮費無料（規定有）！ミニボーナス年6回支給（規定有）！昇給・当社エリア社員登用制度あり！週払いOK！慰労金3ヶ月毎に5万円支給（規定有）！幅広い年代の男女が多数活躍中！月給制のためGW・お盆・年末年始など連休の増える時期も変動少なく安定収入！沼ノ端駅周辺に寮あり（送迎あり・車持込みOK）！スーパー・コンビニ・飲食店もあり生活には困りません！家族寮も相談OK♪札幌までJR一本で移動できてアクセスも良好です！エンジン、エンジン部品の製造業務です！マシンオペレーター・組立・鋳造・リビルト・検査などの部署に配属されます。日研スタッフ多数活躍中♪配属前に当社の技能センターで研修があり、未経験でも安心してスタートできます！安全に働くための座学研修や、配属先の作業内容に合わせた実技研修を行っています！ | AE6: 外国籍NG | AI6: × | AP6: 家族寮あり | AR6: 男女 | AS6: 18 | AT6: 40 | BD6: 20日
A7: 1A403 | B7: 派遣 | C7: N_一般案件 | D7: ニチレイフーズ 森工場 | E7: 経験不問 | G7: 冷凍食品の製造・加工、原料の搬送、製品の搬送・積込、その他製造に係る付随業務。 | H7: 北海道茅部郡森町字港町34 | J7: 3：30～12：00/15：45～翌0：00（交替制） | K7: 192000円以上可 | L7: 154.25Ｈ＋残業1380円×10Ｈ＋深夜276円×30Ｈ | P7: 日曜日、他※職場カレンダーによる | Y7: ● | Z7: 東森駅 | AA7: 徒歩10分 | AC7: 寮費無料（規定有）のワンルーム寮完備！週払いOK！主にマシンオペレーター業務で重量物はありません！事前に工場見学できるので安心です♪幅広い年代の男女活躍中！ | AE7: 外国籍NG | AI7: × | AP7: 事業所相談 | AR7: 男女 | AS7: 18 | AT7: 49 | BD7: 20日
A8: 2A013 | B8: 派遣 | C8: N_一般案件 | D8: ＴＤＫエレクトロニクスファクトリーズ 鶴岡東工場 | E8: 経験不問 | G8: 小さな電子部品のマシンオペレーター及び外観検査など。クリーンルーム内作業の配属もあります。 | H8: 山形県鶴岡市宝田1丁目14-38 | J8: ①8：30～20：40②20：30～翌8：40③8：30～17：00※①②2交替、③日勤は入社初日及び研修期間 | K8: 265000円以上可 | L8: 月給230000円＋休出1855円×10.34Ｈ＋深夜371円×45Ｈ | P8: 3勤3休※職場カレンダーによる | Y8: ● | Z8: 鶴岡駅 | AA8: 徒歩12分 | AC8: 寮費無料（規定有）！週払いOK！安定の月給制！軽作業！未経験の方でも出来る作業です！月半分はお休みでしっかり稼げる職場です！幅広い年代の男女が多数活躍しています！ | AE8: 外国籍NG | AI8: × | AP8: 家族寮なし | AR8: 男女 | AS8: 18 | AT8: 49 | BD8: 15日
A9: 2A014 | B9: 派遣 | C9: N_一般案件 | D9: ＴＤＫエレクトロニクスファクトリーズ 鶴岡東工場 | E9: 経験不問 | G9: 小さな電子部品のマシンオペレーター及び外観検査など。クリーンルーム内作業の配属もあります。 | H9: 山形県鶴岡市宝田1丁目14-38 | J9: ①8：30～20：40②20：30～翌8：40③8：30～17：00※①②2交替、③日勤は入社初日及び研修期間 | K9: 268000円以上可 | L9: 155Ｈ＋休出1875円×12.34Ｈ＋深夜375円×35Ｈ | P9: 3勤3休※職場カレンダーによる | Y9: ● | Z9: 鶴岡駅 | AA9: 徒歩12分 | AC9: 寮費無料（規定有）！週払いOK！高時給！軽作業！未経験の方でも出来る作業です！月半分はお休みでしっかり稼げる職場です！幅広い年代の男女が多数活躍しています！ | AE9: 外国籍NG | AI9: × | AP9: 家族寮なし | AR9: 男女 | AS9: 18 | AT9: 49 | BD9: 15日
A10: 2A074 | B10: 派遣 | C10: N_一般案件 | D10: ＩＪＴＴ 北上工場 | E10: 経験不問 | G10: 鉄製品製造に伴う溶解作業・注湯作業・加工・仕上げ。 | H10: 岩手県奥州市前沢古城字生姥沢105-10 | J10: 8：00～17：00/19：05～翌4：05（2交替）※他勤務帯もあり | K10: 252000円以上可 | L10: 160Ｈ＋残業1500円×20Ｈ＋休出1500円×8Ｈ＋深夜300円×60Ｈ | P10: 土日休み | Y10: ● | Z10: 陸中折居駅 | AA10: 車10分 | AC10: 【週払いOK】車持ち込みの方は寮の準備もOK！当社正社員登用制度もあり！男性活躍中の職場です！GW・夏季・冬期休暇もあります！ | AE10: 外国籍NG | AI10: × | AP10: 家族寮なし | AR10: 男性 | AS10: 18 | AT10: 40 | BD10: 20日
A11: 2A109 | B11: 派遣 | C11: N_一般案件 | D11: 岩手村田製作所 久慈工場 | E11: 経験不問 | G11: スマートフォンやテレビ・パソコンなどに組み込まれる水晶振動子の製造。人工水晶と言われる部品の機械加工や検査などになります。 | H11: 岩手県久慈市寺里28-38-35 | J11: ①8：30～17：00②8：30～18：45③20：30～翌6：45※入社1週間ほどは①日勤、以降は②③2交替 | K11: 302000円以上可 | L11: 162Ｈ＋残業1625円×36Ｈ＋休出1625円×9Ｈ＋深夜325円×56.25Ｈ | P11: 4勤2休※シフト制 | Y11: ● | Z11: 久慈駅 | AA11: 車10分 | AC11: 週払いOK！未経験の方も大歓迎♪半年毎に50円の昇給あり、最大時給1500円！車持込できる方は寮費無料（規定有）のアパートをご用意します！給与天引きで仕出し弁当の注文も可能！ | AE11: 外国籍NG | AI11: × | AP11: 家族寮なし | AR11: 男女 | AS11: 18 | AT11: 45 | BD11: 15日
A12: 2A306 | B12: 派遣 | C12: N_一般案件 | D12: アルプスアルパイン 平工場 | E12: 経験不問 | G12: クリーンルーム内での小型電子パネルの組立マシンオペレーター・検査。 | H12: 福島県いわき市好間町小谷作字作畑39-1 | J12: 8：20～17：00/16：40～翌1：10/0：50～8：45（3交替） | K12: 243000円以上可 | L12: 155Ｈ＋残業1625円×5Ｈ＋休出1625円×10Ｈ＋深夜325円×55Ｈ | P12: 土日休み※職場カレンダーによる | Y12: ● | Z12: いわき駅 | AA12: 車15分 | AC12: 【週払いOK】クリーンルームでのお仕事なので快適な環境です♪販売・事務など異業種から転職したスタッフが多く活躍しているアットホームな雰囲気の職場です！入寮の方はワンルーム寮完備！寮は生活に必要な家電など完備しています。周辺にはスーパー・コンビニがあり、車がなくても便利な場所で新生活スタートしませんか？残業も少なく、大型連休もありプライベートも充実！ | AE12: 外国籍NG | AI12: × | AP12: 通勤のみ | AR12: 男女 | AS12: 18 | AT12: 39 | BD12: 10日
A13: 2A760 | B13: 派遣 | C13: N_一般案件 | D13: 福島ニチアス | E13: 経験不問 | G13: 成形機という機械を使用したフッ素樹脂製品の加工・目視検査、拡大鏡検査など。3cm～30cm程度の小ぶりな製品を製造しています。 | H13: 福島県相馬郡新地町大字福田字北原275-1 | J13: 8：00～17：00/16：00～翌1：00/1：00～10：00（3交替）※他時間帯有り | K13: 237000円以上可 | L13: 160Ｈ＋残業1688円×5Ｈ＋深夜338円×40Ｈ | P13: 土日祝休み※職場カレンダーによる | Y13: ● | Z13: 坂元駅 | AA13: 車10分 | AC13: 寮費無料（規定有）のワンルーム寮完備！週払いOK！車通勤可能な方大歓迎！20代～40代の未経験者が多数活躍中！新しいキレイな工場です！空調完備で快適な作業環境！土日祝休み！ | AE13: 外国籍NG | AI13: × | AP13: 家族寮なし | AR13: 男性 | AS13: 20 | AT13: 45 | BD13: 20日
A14: 3A035 | B14: 派遣 | C14: N_一般案件 | D14: 吉野工業所 真岡工場 | E14: 経験不問 | G14: シャンプー等のボトルの検査です。ラインで流れてくる製品を手で取り、細かい傷や凹み等の外観を目視で検査します。クリーンルーム内での立ち作業です。 | H14: 栃木県真岡市松山町21-3 | J14: 7：00～15：15/15：00～23：15/23：00～翌7：15（3交替） | K14: 247000円以上可 | L14: 157.5Ｈ＋残業1625円×20Ｈ＋深夜325円×30Ｈ | P14: 土日休み※職場カレンダーによる | Y14: ● | Z14: 真岡駅 | AA14: 車10分 | AC14: 週払いOK！通勤交通費支給！入寮希望の方は快適なワンルームを寮費無料（規定有）でご案内します！幅広い年齢の男女スタッフが多数活躍中！シャンプー入れ物等のプラスチック製品を扱うクリーンルーム内での軽作業です！ | AE14: 外国籍NG | AI14: × | AP14: 事業所相談 | AR14: 男女 | AS14: 18 | AT14: 49 | BD14: 20日
... A156: NS0649 | B156: 正社員（無期雇用派遣） | C156: N_一般案件 | D156: 信越半導体 白河工場 | E156: 経験不問 | G156: 半導体製造装置の部品解体・清掃・測定・運搬業務。 | H156: 福島県西白河郡西郷村大字小田倉字大平150 | J156: 8：00～16：10/16：00～翌0：10/0：00～8：10（3交替） | K156: 248000円以上可 | L156: 月給220000円＋残業1786円×10Ｈ＋深夜358円×30Ｈ | P156: 4勤2休※職場カレンダーによる | Y156: ● | Z156: 新白河駅 | AA156: 車7分 | AC156: 当社の正社員として取引先企業で勤務するお仕事（無期雇用派遣）になります。入社前に3日間の研修があるので製造未経験者でも安心です♪自宅からマイカー通勤OK！入寮も可能です。今なら格安寮費13500円（規定有）で新生活スタートできます！大手半導体工場ですが、配属はツナギを着て機械を清掃するなどのお仕事なのでクリーンルームが苦手な方でも大丈夫です。職場は常に24℃に調整されているので快適な環境です。休み時間はメニュー豊富な食堂が利用可能です。安くて美味しいとスタッフの皆さんにも好評です♪固定月給なので安定した生活を手に入れるチャンスです！ | AE156: 外国籍NG | AI156: × | AP156: 家族寮なし | AR156: 男性 | AS156: 18 | AT156: 45 | BD156: 20日
A157: お仕事No. | B157: 雇用形態 | C157: N_通勤案件 | D157: 現場名 | E157: 応募資格 | G157: 送迎 | H157: 勤務地詳細 | J157: 勤務時間 | K157: 月収 | L157: 内訳 | P157: 休日 | Y157: 車通勤 | Z157: 最寄駅（駅） | AA157: 最寄駅（交通手段） | AC157: アピール | AI157: カップル就業相談可 | AP157: 外国籍可否 | AR157: 男女 | AS157: 年齢下限 | AT157: 年齢上限 | BD157: 給与支払日
A158: 1A016 | B158: 派遣 | C158: N_通勤案件 | D158: ワイディープラスチックス | E158: 経験不問 | G158: × | H158: 北海道北広島市共栄54-15 | J158: 8：00～16：00/16：00～翌0：00/0：00～8：00（3交替） | K158: 219000円以上可 | L158: 155.27Ｈ＋残業1625円×5Ｈ＋深夜325円×30Ｈ | P158: 4勤1休、他※職場カレンダーによる | Y158: ● | Z158: 北広島駅 | AA158: 車10分 | AC158: 週払いOK！当社エリア社員登用制度あり！20代～40代の男性が多数活躍中！長期勤務できる方歓迎♪ | AI158: × | AP158: 外国籍NG | AR158: 男性 | AS158: 20 | AT158: 45 | BD158: 20日
A159: 1A032 | B159: 派遣 | C159: N_通勤案件 | D159: カルビー 帯広工場 | E159: 経験不問 | G159: × | H159: 北海道帯広市別府町零号31-4 | J159: ①6：15～14：55②13：15～21：55③21：45～翌6：25④8：30～17：00※①②③3交替または固定勤務 | K159: 187000円以上可 | L159: 150Ｈ＋残業1450円×5Ｈ+深夜290円×20Ｈ | P159: 土日休み※職場カレンダーによる | Y159: ● | Z159: 帯広駅 | AA159: 車20分 | AC159: 新生活スタート応援！長期勤務できる方歓迎！3交替か固定勤務が選べて土日休み！週払いOK！未経験者歓迎！男女ともに多数活躍中の職場です！マイカー通勤OK！食堂あり！ラーメン、十勝名物の豚丼や、日替わり定食が270円で人気です！当社エリア社員登用制度あり！着替え手当290円/日あり（規定有）！ | AI159: × | AP159: 外国籍NG | AR159: 男女 | AS159: 18 | AT159: 59 | BD159: 当月末
A160: 1A061 | B160: 派遣 | C160: N_通勤案件 | D160: 北海道丸大食品 北海道工場 | E160: 経験不問 | G160: × | H160: 北海道岩見沢市栗沢町由良2-3 | J160: 8：00～17：00（日勤） | K160: 201000円以上可 | L160: 167.36Ｈ＋残業1400円×10Ｈ | P160: 水曜・日曜、他※職場カレンダーによる | Y160: ● | Z160: 志文駅 | AA160: 車5分 | AC160: 当社エリア社員登用制度あり！未経験大歓迎♪通勤交通費支給！調理が好きな方やモクモク作業が好きな方必見！人気の日勤＆食品製造のお仕事です！幅広い年代の男女が活躍中！ | AI160: × | AP160: 外国籍NG | AR160: 男女 | AS160: 18 | AT160: 55 | BD160: 10日
A161: 1A086 | B161: 派遣 | C161: N_通勤案件 | D161: 日本ハム惣菜 北海道工場 | E161: 経験不問 | G161: ● | H161: 北海道江別市工栄町11番地5 | J161: ①8：00～17：00②17：00～翌2：00※①日勤または②夜勤の固定勤務（選択可） | K161: 215000円以上可 | L161: 160Ｈ＋残業1563円×10Ｈ | P161: 土日祝休み※職場カレンダーによる | Y161: ● | Z161: 江別駅 | AA161: 車9分 | AC161: 週払いOK！当社エリア社員登用制度あり！幅広い年代の男女が活躍中！人気の土日祝休み！日勤・夜勤選択可能！未経験者大歓迎！クリーンルーム内作業なので、空調などの環境は整っています♪マイカー通勤できる方大歓迎♪ | AI161: × | AP161: 外国籍NG | AR161: 男女 | AS161: 18 | AT161: 50 | BD161: 当月末
A162: 1A134 | B162: 派遣 | C162: N_通勤案件 | D162: 愛知時計電機 北海道工場 | E162: 経験不問 | G162: × | H162: 北海道札幌市西区発寒11条12丁目2-52 | J162: 8：30～17：15（日勤） | K162: 201000円以上可 | L162: 月給190000円＋残業1473円×8Ｈ | P162: 土日休み※職場カレンダーによる | Y162: ● | Z162: 発寒駅 | AA162: 徒歩8分 | AC162: 当社エリア社員登用制度あり！20代～40代の男性が多数活躍中！マイカー、公共交通機関のどちらでも通勤OK！日勤・土日休みで働きやすい職場です♪ | AI162: × | AP162: 外国籍NG | AR162: 男性 | AS162: 18 | AT162: 40 | BD162: 20日
A163: 2A051 | B163: 派遣 | C163: N_通勤案件 | D163: 階上キユーピー | E163: 経験不問 | G163: × | H163: 青森県三戸郡階上町角柄折字新沼館9-159 | J163: ①5：00～13：30②13：30～22：00※①または②の固定勤務（選択可） | K163: 181000円以上可 | L163: 157.5Ｈ | P163: 土日休み※職場カレンダーによる | Y163: ● | Z163: 金浜駅 | AA163: 車10分 | AC163: 【週払いOK】年末までの期間限定のお仕事です！深夜を含まない固定勤務で土日休み！幅広い年齢層の男女が活躍している職場です！マイカー通勤OK！ | AI163: × | AP163: 外国籍NG | AR163: 男女 | AS163: 18 | AT163: 48 | BD163: 20日
A164: 2A055 | B164: 派遣 | C164: N_通勤案件 | D164: キユーピータマゴ 青森工場 | E164: 経験不問 | G164: × | H164: 青森県三戸郡階上町大字道仏字石渡窪1-11 | J164: 8：30～17：00（日勤） | K164: 196000円以上可 | L164: 165Ｈ＋残業1438円×5Ｈ | P164: シフト制※平日1日と日曜日休み | Y164: ● | Z164: 階上駅 | AA164: 車10分 | AC164: 20代～50代の女性活躍中！制服の貸与はもちろん、制服のクリーニングは工場側で行います！通勤交通費支給！未経験から始められます！ | AI164: × | AP164: 外国籍NG | AR164: 女性 | AS164: 18 | AT164: 55 | BD164: 20日
A165: 2A061 | B165: 派遣 | C165: N_通勤案件 | D165: 白銀鉄建工業 | E165: 要床上式クレーン・玉掛・アーク溶接・ガス溶接免許 | G165: × | H165: 青森県八戸市大久保大山45-1 | J165: 8：00～17：15（日勤） | K165: 258000円以上可 | L165: 173.8Ｈ＋残業1463円×22Ｈ＋休出1463円×15.5Ｈ | P165: 第2・4土曜日、日祝休み | Y165: ● | Z165: 種差海岸駅 | AA165: 車6分 | AC165: 【週払いOK】持っている資格を活かせる大チャンス！長期勤務可能な職場です♪ | AI165: × | AP165: 外国籍NG | AR165: 男性 | AS165: 18 | AT165: 45 | BD165: 20日
A166: 2A102 | B166: 派遣 | C166: N_通勤案件 | D166: エルナー | E166: 経験不問 | G166: × | H166: 青森県黒石市追子野木1-349-1 | J166: 8：30～16：55/16：30～翌0：55/0：30～8：55（3交替） | K166: 190000円以上可 | L166: 163.24Ｈ＋深夜275円×40Ｈ | P166: 5勤2休※シフト制 | Y166: ● | Z166: 田舎館駅 | AA166: 車10分 | AC166: 週払いOK！地元黒石で工場のお仕事しませんか？未経験の方でも大丈夫です！残業はほぼありません！無料駐車場あり！ | AI166: × | AP166: 外国籍NG | AR166: 男性 | AS166: 18 | AT166: 45 | BD166: 当月末
A167: 2A107 | B167: 派遣 | C167: N_通勤案件 | D167: ジェイテック | E167: パソコン入力できる方※高卒以上 | G167: ● | H167: 青森県上北郡六ヶ所村大字尾駮字弥栄平1番地108 | J167: ①7：45～16：35②15：45～翌0：35③8：30～17：20※研修期間中は③日勤、その後は①②2交替 | K167: 256000円以上可 | L167: 167.2272Ｈ＋残業1750円×7.84Ｈ＋深夜350円×25.83Ｈ | P167: 土日休み※7：45～16：35のみ6勤1休 | Y167: × | Z167: - | AA167: - | AC167: デスクワーク未経験でもパソコンの操作（入力や画像の取り込み、メールの送受信など）ができればOK！食堂もあり、格安で食べられます！通勤は基本送迎バスのみになります！バスは八戸市・三沢市・おいらせ町・野辺地町・十和田市・東北町・むつ市・六ヶ所村内から出ています。 | AI167: × | AP167: 外国籍NG | AR167: 女性 | AS167: 18 | AT167: 39 | BD167: 20日
A168: 2A112 | B168: 派遣 | C168: N_通勤案件 | D168: 秋田青木精機 本社工場 | E168: 経験不問 | G168: × | H168: 秋田県北秋田市上杉字金沢417-2 | J168: ①8：30～17：30②17：30～翌2：30③20：30～翌5：30※①②または①③の2交替、他勤務時間あり | K168: 292000円以上可 | L168: 160Ｈ＋残業1850円×20Ｈ＋深夜370円×50Ｈ | P168: 土日休み | Y168: ● | Z168: 鷹ノ巣駅 | AA168: 車5分 | AC168: 週払いOK！北秋田市で高時給のお仕事！未経験の方も大歓迎！男性活躍中の職場です！土日休みでGW・夏季・年末年始に長期休暇あり！ | AI168: × | AP168: 外国籍NG | AR168: 男性 | AS168: 18 | AT168: 45 | BD168: 10日
A169: 2A160 | B169: 派遣 | C169: N_通勤案件 | D169: エプソンアトミックス 本社 | E169: 経験不問 | G169: × | H169: 青森県八戸市大字河原木字海岸4-44 | J169: 8：30～16：45/16：30～翌0：45/0：30～8：45（3交替） | K169: 225000円以上可 | L169: 165Ｈ＋残業1550円×5Ｈ＋深夜310円×42Ｈ | P169: シフト制※職場カレンダーによる | Y169: ● | Z169: 本八戸駅 | AA169: 車15分 | AC169: 【週払いOK】地元八戸で働きませんか？入社後にはしっかり研修もあります♪作業の習熟に応じてフォークリフト免許の資格取得支援制度や昇給制度もあります♪長期勤務可能な職場です！ | AI169: × | AP169: 外国籍NG | AR169: 男性 | AS169: 18 | AT169: 40 | BD169: 20日
... A198: 4A545 | B198: 派遣 | C198: N_通勤案件 | D198: 東京ボード工業 埼玉工場（フォーク） | E198: 要フォークリフト免許 | G198: × | H198: 埼玉県八潮市浮塚100番地 | J198: 8：00～17：00（日勤） | K198: 252000円以上可 | L198: 168Ｈ | P198: 日曜日、ほか平日1日 | Y198: ● | Z198: 八潮駅 | AA198: 徒歩20分 | AC198: 週払いOK！高時給でガッチリ稼げます！配属前に職場見学を実施しているので安心です！男性が多数活躍中！フォークリフトの経験を活かしませんか！ | AI198: × | AP198: 外国籍NG | AR198: 男性 | AS198: 18 | AT198: 65 | BD198: 20日
A199: 4A580 | B199: 派遣 | C199: N_通勤案件 | D199: グリコマニュファクチャリングジャパン 北本工場 | E199: 経験不問 | G199: × | H199: 埼玉県北本市中丸9-55 | J199: 21：50～翌6：05（夜勤） | K199: 270000円以上可 | L199: 152.25Ｈ＋残業1625円×5Ｈ＋休出1625円×14.5Ｈ＋深夜325円×126Ｈ | P199: 土日休み※職場カレンダーによる | Y199: ● | Z199: 北本駅 | AA199: 車10分 | AC199: ★12月末までの期間限定★夜勤専属！大手食品メーカーでのお仕事です♪未経験の方でも大歓迎！男女ともに幅広い年代が活躍中！マイカー通勤OK！最寄駅の北本駅から自転車の無料貸出もあります！工場内に飲料・パン・おにぎり・カップ麺などの自販機あり！お弁当の持参もOKです（冷蔵庫・電子レンジあり）！工場見学ができるので作業内容が不安な方も安心です！ | AI199: ● | AP199: 外国籍OK | AR199: 男女 | AS199: 18 | AT199: 60（20240615） | BD199: 20日
A200: 4A601 | B200: 派遣 | C200: N_通勤案件 | D200: 大光 浦安センター | E200: 要フォークリフト免許（リーチフォーク実務経験者） | G200: ● | H200: 千葉県浦安市港78 | J200: ①5：00～14：00②15：00～翌0：00※他勤務シフト多数あり、時差出勤あり | K200: 287000円以上可 | L200: 170.5Ｈ＋残業1725円×30Ｈ | P200: 週2日（シフト制） | Y200: ● | Z200: 新浦安駅 | AA200: 車10分 | AC200: ★週払いOK★通勤交通費全額支給！リーチフォークの実務経験があればOK！経験を活かして長期安定で働けるお仕事です！20代～50代の幅広い年代が活躍中！ | AI200: × | AP200: 外国籍OK | AR200: 男性 | AS200: 18 | AT200: 55 | BD200: 20日
A201: 4A642 | B201: 派遣 | C201: N_通勤案件 | D201: ケイパック 本社 | E201: 経験不問 | G201: × | H201: 茨城県猿島郡五霞町大字元栗橋351 | J201: ①8：30～17：30②11：45～20：45③13：00～22：00※いずれかの固定勤務 | K201: 243000円以上可 | L201: 162Ｈ＋残業1625円×20Ｈ | P201: 土日祝休み※職場カレンダーによる | Y201: ● | Z201: 南栗橋駅 | AA201: 徒歩20分 | AC201: 50代活躍中！未経験スタートで幅広い年代が活躍している職場です！大手企業内でキレイな環境でのお仕事です！コンビニ等に置いてある小袋タイプのドレッシングを作ります。クリーンルーム内での軽作業です！長期勤務可能！定食が300円で食べられる食堂あり！他にもマッサージ機があるスペースや無料ドリンクなどの設備が整っています！通勤交通費支給！土日祝休みでプライベートも充実できます！ | AI201: × | AP201: 外国籍OK | AR201: 男女 | AS201: 18 | AT201: 55 | BD201: 当月末
A202: 4A679 | B202: 派遣 | C202: N_通勤案件 | D202: ＭＯＬＤＩＮＯ 成田工場 | E202: 経験不問 | G202: ● | H202: 千葉県成田市新泉13-2 | J202: 8：30～17：15/20：30～翌5：15（2交替） | K202: 247000円以上可 | L202: 158Ｈ＋残業1688円×10Ｈ＋深夜338円×50Ｈ | P202: 4勤2休 | Y202: ● | Z202: 成田駅 | AA202: 車20分 | AC202: 成田空港近く！成田駅より送迎バスあり楽々通勤！もちろんマイカー通勤もOK！未経験者でも大歓迎です♪ | AI202: × | AP202: 外国籍OK | AR202: 男性 | AS202: 18 | AT202: 55 | BD202: 20日
A203: 4A782 | B203: 派遣 | C203: N_通勤案件 | D203: 伊藤喜オールスチール | E203: 経験不問 | G203: ● | H203: 千葉県野田市尾崎2289 | J203: 8：25～17：15（日勤） | K203: 273000円以上可 | L203: 160Ｈ＋残業1750円×20Ｈ＋休出1750円×8Ｈ | P203: 土日休み | Y203: ● | Z203: 川間駅 | AA203: 送迎バス15分 | AC203: ★週払いOK★通勤交通費全額支給★人気の日勤・土日休みでプライベートが充実！時給1400円！川間駅より送迎バスあり！マイカー通勤もOK！♪単純作業なので未経験の方でも大歓迎です！ | AI203: × | AP203: 外国籍OK | AR203: 男性 | AS203: 18 | AT203: 45 | BD203: 20日
A204: 4A906 | B204: 派遣 | C204: N_通勤案件 | D204: 高輪ヂーゼル 岩槻事業所 | E204: 経験不問 | G204: ● | H204: 埼玉県さいたま市岩槻区3-7-13 | J204: 8：45～17：30（日勤） | K204: 240000円以上可 | L204: 160Ｈ＋残業1688円×10Ｈ＋休出1688円×8Ｈ | P204: 土日祝休み※職場カレンダーによる | Y204: × | Z204: 東岩槻駅 | AA204: 送迎バス10分 | AC204: ★週払いOK★人気の日勤・土日祝休み！東岩槻駅より送迎バスで10分！ | AI204: × | AP204: 外国籍OK | AR204: 男性 | AS204: 18 | AT204: 50 | BD204: 20日
A205: 4A1040 | B205: 派遣 | C205: N_通勤案件 | D205: ＲＧコンテナー 埼玉工場 | E205: 経験不問 | G205: × | H205: 埼玉県川口市八幡木2-32-1 | J205: 8：30～17：30/22：30～翌7：30（2交替） | K205: 276000円以上可 | L205: 168Ｈ＋残業1725円×15Ｈ＋深夜345円×55Ｈ | P205: 土日休み※職場カレンダーによる | Y205: × | Z205: 川口駅 | AA205: バス20分 | AC205: ★週払いOK★通勤交通費全額支給！入社前に職場見学を実施するので未経験の方でも安心です！男性が多数活躍中！難しい操作等なしのアシスタント業務なので安心♪ | AI205: × | AP205: 外国籍NG | AR205: 男性 | AS205: 18 | AT205: 45 | BD205: 20日
A206: 4A1168 | B206: 派遣 | C206: N_通勤案件 | D206: ＪＡＬエアテック 貨物事業部 | E206: 経験不問 | G206: × | H206: 千葉県成田市取香593-1 | J206: 8：00～16：40（日勤） | K206: 214000円以上可 | L206: 153.4Ｈ | P206: 土日休み | Y206: ● | Z206: 東成田駅 | AA206: 車10分 | AC206: ★週払いOK★通勤交通費全額支給★人気の日勤・土日休みでプライベートが充実！職場はアットホームで未経験でも丁寧な指導で安心！大手航空関連企業で就業できます！マイカー通勤OK！ | AI206: × | AP206: 外国籍NG | AR206: 男性 | AS206: 18 | AT206: 49 | BD206: 20日
A207: 4A1584 | B207: 派遣 | C207: N_通勤案件 | D207: 東京ボード工業 本社（フォーク） | E207: 要フォークリフト免許 | G207: × | H207: 東京都江東区新木場2丁目11番1号 | J207: 8：00～17：00/20：00～翌5：00（2交替） | K207: 349000円以上可 | L207: 168Ｈ＋残業1875円×40Ｈ＋深夜375円×60Ｈ | P207: 4勤2休 | Y207: × | Z207: 新木場駅 | AA207: 徒歩15分 | AC207: ★週払いOK★通勤交通費全額支給★月収30万円以上可！フォークリフトの実務経験が浅くてもご相談ください。フォークリフトを練習する機会もあります！ライン作業はありませんので、製造未経験の方にもはじめやすいお仕事です！20代～40代の男性活躍中！ | AI207: × | AP207: 外国籍NG | AR207: 男性 | AS207: 18 | AT207: 45 | BD207: 20日
A208: 4A1585 | B208: 派遣 | C208: N_通勤案件 | D208: 東京ボード工業 本社 | E208: 経験不問 | G208: × | H208: 東京都江東区新木場2丁目11番1号 | J208: 8：00～17：00/20：00～翌5：00（2交替） | K208: 326000円以上可 | L208: 168Ｈ＋残業1750円×40Ｈ＋深夜350円×60Ｈ | P208: 4勤2休 | Y208: × | Z208: 新木場駅 | AA208: 徒歩15分 | AC208: ★週払いOK★通勤交通費全額支給★月収30万円以上可！残業が多めで稼げます！ライン作業はありませんので、製造未経験の方にも始めやすいお仕事です！電車通勤も可能！20代～40代の男性活躍中！ | AI208: × | AP208: 外国籍NG | AR208: 男性 | AS208: 18 | AT208: 45 | BD208: 20日
A209: 4A1900 | B209: 派遣 | C209: N_通勤案件 | D209: 日鉄機能材製造 | E209: 経験不問 | G209: × | H209: 千葉県木更津市築地1 | J209: 7：00～15：00/15：00～23：00/23：00～翌7：00（3交替） | K209: 251000円以上可 | L209: 152.25Ｈ＋残業1750円×10Ｈ＋休出1750円×8Ｈ＋深夜350円×20Ｈ | P209: 5勤2休・5勤1休の組合せシフト | Y209: ● | Z209: 君津駅 | AA209: 車15分 | AC209: ★週払いOK★通勤交通費全額支給★軽作業なのに時給1400円！残業ほぼなくプライベートも充実！空調完備の快適環境！長期安定した勤務が可能です！20代～30代の男性活躍中！マイカー通勤OK！ | AI209: × | AP209: 外国籍NG | AR209: 男性 | AS209: 18 | AT209: 35 | BD209: 20日
A210: 5A029 | B210: 派遣 | C210: N_通勤案件 | D210: 上組 東京支店 川崎センター | E210: 要玉掛免許 | G210: × | H210: 神奈川県川崎市川崎区水江町4-11 | J210: 8：00～17：00（日勤） | K210: 310000円以上可 | L210: 160Ｈ＋残業2125円×18Ｈ | P210: 土曜日、隔週日曜日、祝日 | Y210: ● | Z210: 川崎駅 | AA210: バス20分 | AC210: 日勤のお仕事でプライベートも充実！決まった作業を行う簡単なお仕事！しかも高時給です！自己負担なく資格も取れます！車通勤もOKです！ | AI210: × | AP210: 外国籍NG | AR210: 男性 | AS210: 18 | AT210: 45 | BD210: 20日
A211: 5A050 | B211: 派遣 | C211: N_通勤案件 | D211: 雪印メグミルク 海老名工場 | E211: 経験不問 | G211: × | H211: 神奈川県海老名市中新田5-26-1 | J211: ①4：30～12：30②6：00～14：00③8：30～16：30④10：00～18：00⑤12：00～20：00⑥15：00～23：00※他時間帯有り | K211: 223000円以上可 | L211: 147Ｈ＋残業1750円×10Ｈ | P211: 5勤2休※シフト制 | Y211: ● | Z211: 社家駅 | AA211: 徒歩15分 | AC211: 有名な食品工場での勤務！機械化された綺麗な工場です。機械の監視・目視検査・材料の補充など簡単なお仕事が多いので、未経験の方も安心してスタートできます！長期休暇にも左右されずに働くことができます！20代～40代の男女活躍中！車通勤の方には無料駐車場あり！ | AI211: × | AP211: 外国籍NG | AR211: 男女 | AS211: 20 | AT211: 55 | BD211: 20日
... A231: 8A438 | B231: 派遣 | C231: N_通勤案件 | D231: ケーエスアイ 印刷工場 | E231: オフセット印刷経験者 | G231: × | H231: 大阪府大阪市西成区南津守5-12-3 | J231: 8：30～17：30（日勤） | K231: 286000円以上可 | L231: 160Ｈ＋残業1875円×25Ｈ | P231: 土日祝休み※職場カレンダーによる | Y231: × | Z231: 北加賀屋駅 | AA231: 徒歩20分 | AC231: オフセット印刷経験者募集！人気エリアで日勤のお仕事です！幅広い年代が活躍中！ | AI231: × | AP231: 外国籍NG | AR231: 男性 | AS231: 20 | AT231: 60 | BD231: 20日
A232: 9A106 | B232: 派遣 | C232: N_通勤案件 | D232: ヤンマーキャステクノ | E232: 経験不問 | G232: × | H232: 島根県松江市八幡町960 | J232: 8：10～17：00（日勤） | K232: 297000円以上可 | L232: 160.72Ｈ＋残業1875円×30Ｈ | P232: 土日休み | Y232: ● | Z232: 東松江駅 | AA232: 徒歩5分 | AC232: 【週払いOK】工場未経験の方大歓迎！大手メーカーでの簡単なバリ取り作業です！日勤・土日休み！最寄駅から徒歩5分で電車通勤も便利！ | AI232: × | AP232: 外国籍NG | AR232: 男女 | AS232: 18 | AT232: ※未経験の方は39歳以下、フォーク、玉掛、クレーンの免許お持ちの方は経験により45歳くらいまででも随時確認にはなりますが、打診可能になります。（20240401） | BD232: 当月末
A233: 9A140 | B233: 派遣 | C233: N_通勤案件 | D233: メタコート工業 岡山工場 | E233: 経験不問 | G233: × | H233: 岡山県岡山市北区御津高津120-11 | J233: 7：00～16：00/13：20～22：20/22：10～翌7：10（交替制） | K233: 273000円以上可 | L233: 162Ｈ＋残業1875円×10Ｈ＋深夜375円×30Ｈ | P233: 土日休み※職場カレンダーによる、長期休暇あり（GW・夏・年末年始） | Y233: ● | Z233: 金川駅 | AA233: 車5分 | AC233: 【週払いOK】未経験者大歓迎！丁寧な研修と指導があるので未経験でも安心！複雑な作業はほとんどなく、作業を覚えるまでは指導者が付いて丁寧に教えてくれます！ | AI233: × | AP233: 外国籍NG | AR233: 男性 | AS233: 20 | AT233: 45 | BD233: 20日
A234: 9A721 | B234: 派遣 | C234: N_通勤案件 | D234: メタコート工業 岡山工場 | E234: 経験不問 | G234: ● | H234: 岡山県岡山市北区御津高津120-11 | J234: 7：00～16：00/13：20～22：20（交替制） | K234: 265000円以上可 | L234: 162Ｈ＋残業1875円×10Ｈ＋深夜375円×10Ｈ | P234: 土日休み※職場カレンダーによる | Y234: ● | Z234: 金川駅 | AA234: 車5分 | AC234: 【週払いOK】未経験者大歓迎！丁寧な研修と指導があるので未経験でも安心！複雑な作業はほとんどなく、作業を覚えるまでは指導者が付いて丁寧に教えてくれます！ | AI234: × | AP234: 外国籍NG | AR234: 女性 | AS234: 20 | AT234: 45 | BD234: 20日
A235: 9A1094 | B235: 派遣 | C235: N_通勤案件 | D235: ホシザキ 島根本社工場 | E235: 経験不問 | G235: × | H235: 島根県雲南市木次町山方271-13 | J235: 8：05～17：00（日勤） | K235: 206000円以上可 | L235: 159.38Ｈ＋残業1500円×10Ｈ | P235: 土日休み | Y235: ● | Z235: 南大東駅 | AA235: 車5分 | AC235: 【週払いOK】嬉しい日勤・土日休みでプライベートも充実！男女活躍中！食堂などで使われている飲料機等の製造に係わるお仕事です！ | AI235: × | AP235: 外国籍NG | AR235: 男女 | AS235: 18 | AT235: 49 | BD235: 20日
A236: 10A275 | B236: 派遣 | C236: N_通勤案件 | D236: キユーピータマゴ 鳥栖工場 | E236: 経験不問 | G236: × | H236: 佐賀県鳥栖市田代外町701 | J236: ①8：30～17：30②9：00～18：00（日勤） | K236: 202000円以上可 | L236: 168Ｈ＋残業1313円×20Ｈ | P236: 日曜日と平日※シフト制 | Y236: ● | Z236: 田代駅 | AA236: 徒歩20分 | AC236: きれいな室内での軽作業です！日勤で働きやすく、食堂も完備しています。男女活躍中！ | AI236: × | AP236: 外国籍NG | AR236: 男女 | AS236: 18 | AT236: 60 | BD236: 20日
A237: 10A997 | B237: 派遣 | C237: N_通勤案件 | D237: 豊田合成 佐賀工場 | E237: 経験不問 | G237: × | H237: 佐賀県武雄市若木町大字川古9966番地9 | J237: 8：30～17：15/20：30～翌5：30（2交替）※他時間帯有り | K237: 253000円以上可 | L237: 160Ｈ＋残業1438円×20Ｈ＋休出1438円×16Ｈ＋深夜288円×60Ｈ | P237: 土日休み※職場カレンダーによる | Y237: ● | Z237: 高橋駅 | AA237: 車10分 | AC237: 【週払いOK】簡単軽作業！20代～30代の未経験の男女活躍中！嬉しい土日休み＆2交替で稼げます！月収25万円以上可能！ | AI237: × | AP237: 外国籍NG | AR237: 男女 | AS237: 18 | AT237: 49 | BD237: 20日
B238: ↓雇用形態：正社員＝請負をさします | C238: UTエイム(AIM） | H238: ＜UTグループデジタルギフトキャンペーン＞内容：入寮者限定で入社日に3万円のデジタルギフトを付与（上記のデジタルギフト対象から選べます） | V238: シフト1 | AH238: ※ﾊｰﾄ引越社：もともとUTで就業されていた方が 別工場に移動になり引越ししないといけなくなった 場合のみ対象 | AI238: ※カップル応相談=面接後現地に打診の為面接時に相談 | AR238: 紹介可能条件1 | AZ238: 紹介可能条件2 | BD238: 紹介可能条件5
A239: お仕事No. | B239: 雇用形態 ※60歳以上の雇用について要注意 企業別基本条件「備考2※20参照」 | C239: UTエイム(AIM） | D239: 作業所名 | G239: 作業内容 | H239: 都道府県 | I239: 市区町村 | J239: 勤務形態 | K239: 月収例 | L239: 月収例内訳 （残業手当） | M239: 月収例内訳 （深夜手当） | O239: 工場見学の 有無 | P239: シフト | Q239: 長期休暇 | R239: 年間休日 | S239: 勤務時間備考 | T239: 法定内残業 (月平均※あくまで見込みとなります) | U239: 法定外残業 (月平均※あくまで見込みとなります) | V239: 開始 | W239: 終了 | Y239: 通勤手段 ※「車」「車,バイク」のみの場合は入寮者も必須 | Z239: 最寄り駅 | AB239: 通勤に関する 備考 | AC239: PRポイント | AE239: 入寮可否 | AF239: 寮費負担 | AG239: 家族入寮 | AH239: 引っ越し費用 ※補足あり企業別基本条件の備考2参照 | AI239: カップル就業 | AK239: 寮費キャンペーンに関する備考 | AL239: 入社祝い金 | AM239: 入社祝金に関する備考 | AN239: その他キャンペーン | AO239: 職種経験詳細 | AR239: 性別 | AS239: コアターゲット | AT239: コアターゲット | AU239: 業務経験 | AV239: 業務経験詳細 | AW239: 職種経験 | AX239: 職種経験詳細 | AY239: 備考 | AZ239: 性別 | BA239: コアターゲット | BB239: コアターゲット | BC239: 業務経験 | BD239: 性別
A240: AAI1 | B240: 無期雇用 | C240: UTエイム(AIM） | D240: 株式会社ジャパンセミコンダクター | G240: 半導体前工程工場での半導体オペレーター業務。 半導体オペレーター業務に付随する業務。 クリーンルーム内。立位作業。 | H240: 岩手県 | I240: 北上市北工業団地6-6 | J240: 2交替 | K240: 263040 | L240: 41031 | M240: 17009 | O240: 必須（入社前） | P240: その他 | Q240: 有給取得奨励日 | R240: 135 | S240: 4直2交替制です。 勤務例：①①①休④④④休休③③③休②②②休休①…の繰り返しとなります。 ①シフトを19:00（残業1.75ｈ）に終了し、次の④シフトは翌々日の19:00（早出1.75ｈ）からといった内容の勤務になります。 | U240: 25 | V240: 0.29166667 | W240: 0.70486111 | Y240: 車 | Z240: 村崎野 | AB240: 北上駅から車で10分、花巻駅から車で15分 最寄り駅から工場まで徒歩30程度になりますので事故防止の為、車両通勤のみ。 冬季、積雪量も多いので自転車通勤はNGとしております。 | AC240: ・作業場所はクリーンルームで、年中一定の規格で温湿度管理（温度22～24℃） ・装置の稼働音やエラー音がありますが、機械の加工音やプレスなどの重量音はありません。 ・20kg以上の重量物も取扱いをする事はありませんので、肉体労働にも該当はしません。 ・日勤、夜勤問わず食堂を利用可能。比較的値段も安価。 ・売店、休憩スペースが充実。 | AE240: 可 | AF240: 補助あり（会社負担割合） | AG240: 否 | AH240: 本人移動費用は会社負担いたしますが、荷物送料は自己負担となります。 | AI240: 否 | AK240: 1ヶ月間(毎月1日～末日)の勤務において欠勤日数が3日以上の場合、家賃(共益費を含む)を入居者本人が負担し次月の給与より控除させて頂きます。 ※遅刻・早退については、0.5日としてカウント | AL240: 対象外 | AN240: 対象外 | AR240: 不問 | AS240: 20 | AT240: 39 | AU240: 無 | AV240: 車通勤または車持ち込み必須 | AW240: 無 | AY240: 就業歴が短く転職が多い場合と再入職は要相談。
A241: PCE1 | B241: 有期雇用 | C241: UTエイム(AIM） | D241: UTエイム株式会社 東北テクノロジー能力開発センター | G241: 東北テクノロジー能力開発センターにて、研修カリキュラムに沿ってテクセントレーナーによる研修を受講します。 | H241: 岩手県 | I241: 北上市若宮町1丁目1番地24号 | J241: 日勤 | K241: 160000 | L241: 0 | M241: 0 | O241: 一切開催なし | P241: 5勤2休 | Q241: GW\夏季\年末年始\有給取得奨励日 | R241: 124 | V241: 0.375 | W241: 0.75 | Y241: 徒歩\車\電車 | Z241: 北上 | AB241: 交通機関を使用しての際は北上駅西出口より徒歩3分。 自家用車をお持ちの方は社宅より通勤。 | AC241: 勤務する上で最低限必要なスキルを東北テクノロジー能力開発センターにて研修を受講していただきます。 配属先毎のカリキュラムがあり未経験者でも意欲がある方は歓迎致します。 皆さんの力でさらに『チームUTエイム』の拡大をしたいと思いますので一緒にがんばりましょう！ 本配属先 【岩手県】 江刺CF ・月収例：268,601円／月 岩手北上CF ・月収例：313,407円／月 北工CF ・月収例：276,334円／月 【宮城県】 大和CF ・月収例：267,095円/月 流通平CF ・月収例：314,350円/月 白石白鳥CF ・月収例：252,009円/月 | AE241: 可 | AF241: 補助あり（会社負担割合） | AG241: 可 | AH241: 新規入社の方は自己負担（赴任旅費は会社負担） | AI241: 否 | AK241: ただし、定額補助・割合補助問わず、会社負担割合が90\%を超える場合、超過額を給与から控除の上、同額を住宅手当(課税対象)として支給いたします。 ----- 家賃・共益費無料 | AL241: 対象外 | AN241: 対象 | AR241: 不問 | AS241: 20 | AT241: 39 | AU241: 有 | AV241: 即じょぶ期間は研修を行い、配属先を調整します。 配属先は基本、岩手北上CFor北工CFとなります。 | AW241: 有 | AX241: 半導体製造に関する経験、交替勤務、クリーンルーム内での就業経験あれば相談不要。 | AY241: その他懸念事項無く、車通勤可能な方であれば相談不要。 | AZ241: 不問 | BA241: 20 | BB241: 39 | BC241: 無
A242: EQV1 | B242: 無期雇用 | C242: UTエイム(AIM） | D242: キオクシア株式会社 | G242: 半導体製造装置の保守・保全業務がメインです。 CR内の作業で２名以上のチームで協力して作業を行います。 | H242: 三重県 | I242: 四日市市山之一色町800番地 | J242: 2交替 | K242: 266740 | L242: 16700 | M242: 20040 | O242: 一切開催なし | P242: 4勤2休 | Q242: 該当なし | R242: 134 | S242: ①は研修中（5勤2休）のみ。研修終了後、 シフト配属（②と③）となります。月に1回、夜勤シフト時に3勤3休シフトが発生します。 生産状況により早出残業、休日出勤有り。 残業有り（定時勤務に対し、最大で早出残業2時間、後残業1時間発生の可能性あり） | U242: 10 | V242: 0.35416667 | W242: 0.71875 | Y242: 徒歩\車\バス\自転車\バイク | Z242: 平津 | AB242: 近鉄名古屋線 近鉄四日市駅から工場の駐車場まで車で25分程。（駐車場から職場まで徒歩15分程度） 公共交通機関：バス通勤可能。※通勤手段の無い方は送迎バスにて通勤いただきます。（工場外のバス停から職場まで徒歩15分程度） | AC242: ・配属部署が限定されますが女性も活躍中です！ ・知識ゼロでも学ぶ意欲とチャレンジ精神があれば問題ありません！ ・国家資格の機械保全技能士を目指す方が多いです！ ・食堂メニューが充実しています！ ・工場内にUTエイムの常駐事務所があり気軽に相談できます！ | AE242: 可 | AF242: 補助あり（会社負担割合） | AG242: 可 | AH242: 自己負担（赴任旅費は会社負担） | AI242: 可 | AK242: ただし、定額補助・割合補助問わず、会社負担割合が90\%を超える場合、超過額を給与から控除の上、同額を住宅手当(課税対象)として支給いたします。 ----- 家賃・共益費無料(CFルールあり) 条件：会社指定物件に限る。家賃以外の水道光熱費、駐車場代金は個人負担となります。 | AL242: 対象外 | AN242: 対象外 | AR242: 男性限定 | AS242: 18 | AT242: 39 | AU242: 無 | AW242: 無 | AY242: 交替勤務経験半年以上
A243: AAN1 | B243: 無期雇用 | C243: UTエイム(AIM） | D243: キオクシア岩手株式会社 | G243: 半導体装置の保守保全 装置に於ける新製品等の新たな製造方法の考案と実行、改善・改造。 及びそれらに付随する業務 | H243: 岩手県 | I243: 北上市北工業団地6-6 | J243: 2交替 | K243: 290345 | L243: 19212 | M243: 21133 | O243: 一切開催なし | P243: 4勤2休 | Q243: 有給取得奨励日\該当なし | R243: 122 | S243: ①と②の4勤2休のシフト。基本的に毎日1時間5分の残業有り。長期連休はありません。 ③は日勤帯に勤務。入社から5日間程度。または研修時。 毎日1時間5分の残業有り。 | U243: 10 | V243: 0.29166667 | W243: 0.66666667 | Y243: 車\バス\自転車\バイク | Z243: 村崎野 | AB243: 最寄り駅は村崎野駅。村崎野駅から派遣先までは徒歩20分程度。 送迎はありません。平日は派遣先の送迎バス利用可。 | AC243: ・作業場所はクリーンルームで、年中一定の規格で温湿度管理（温度22～24℃） ・装置の稼働音やエラー音がありますが、機械の加工音やプレスなどの重量音はありません。 ・20kg以上の重量物も取扱いをする事はありませんので、肉体労働にも該当はしません。 ・日勤、夜勤問わず食堂を利用可能。比較的値段も安価。 ・売店、休憩スペースが充実。 | AE243: 可 | AF243: 補助あり（会社負担割合） | AG243: 可 | AH243: 自己負担（赴任旅費は会社負担） | AI243: 否 | AK243: 1ヶ月間(毎月1日～末日)の勤務において、欠勤3日以上の場合家賃(共益費を含む)を入居者本人が負担し次月の給与より控除させて頂きます。 ※遅刻・早退については、0,5日としてカウント ----- 社宅家賃のみ無料、水道光熱費、駐車場代は実費負担 | AL243: 対象外 | AN243: 対象外 | AR243: 男性限定 | AS243: 20 | AT243: 39 | AU243: 有 | AV243: 半導体関連での製造経験、クリーンルーム業務経験、交替勤務経験あれば相談不要 | AW243: 有 | AX243: 工具を使用した機械メンテナンス業経験 | AY243: その他懸念事項無く経験者であれば相談不要
A244: AHG1 | B244: 無期雇用 | C244: UTエイム(AIM） | D244: イビデン株式会社・大垣事業場 | G244: 主な二つの工程 【運搬工程】 ①台車に載った基盤の板をマシンに投入する ②出来上がった製品を台車に載せる ③製品を載せた台車を次の工程に移動させる（階を跨ぐ際は、エレベーターを使用） 【検査工程（AOI）】 ①マシンから出来上がった製品を台車に載せる ②台車に載せた製品を検査場まで運搬する ③顕微鏡・拡大鏡を用いて、製品に異常がないか確認する | H244: 岐阜県 | I244: 大垣市木戸町905 | J244: 2交替 | K244: 301522 | L244: 37895 | M244: 19533 | O244: 必須（入社前） | P244: 4勤2休 | Q244: 年末年始\有給取得奨励日 | R244: 120 | T244: 6.6 | U244: 22 | V244: 0.33333333 | W244: 0.69444444 | Y244: 徒歩\車\自転車\バイク | Z244: 西大垣 | AB244: 電車通勤は原則不可です（自宅から30分以内であれば応相談します）⇒夜勤明け4;40分、始発5:50分頃と現実的ではないので顧客からＮＧです。 車通勤は自宅から60分以内に限ります⇒60分以上は通勤災害リスクの為に顧客からＮＧです。 ※上記の場合は社宅入寮となります | AC244: 工場の室内は広く、スペースも確保されており、働きやすい環境です。 工場食堂、売店での商品の精算は従業員証での電子決済（当月の給与から控除）となっており、快適です。 男女問わず、幅広い世代の方が活躍中です。 | AE244: 可 | AF244: 補助なし | AG244: 可 | AH244: 本人移動費用は会社負担いたしますが、荷物送料は自己負担となります。 | AI244: 可 | AK244: ただし、定額補助・割合補助問わず、会社負担割合が90\%を超える場合、超過額を給与から控除の上、同額を住宅手当(課税対象)として支給いたします。 | AL244: 対象外 | AN244: 対象 | AR244: 男性限定 | AS244: 20 | AT244: 49 | AU244: 無 | AW244: 無 | AY244: 再入社の場合は、顧客による判断あり。 50歳以上の方については、目安として1年以上の製造経験でご相談お願い致します
A245: QGS1 | B245: 無期雇用 | C245: UTエイム(AIM） | D245: 株式会社ダイフク | G245: 全ての工程において、PCでローマ字入力をしながら業務を進めて行きます。 受入れの荷物をフォークリフトを利用し、仕分けをしていきます。 物流業務はPC入力、ハンディ操作が必須です。 | H245: 愛知県 | I245: 小牧市小牧原4-103 | J245: 日勤 | K245: 199714 | L245: 5341 | M245: 0 | O245: 任意 | P245: 5勤2休 | Q245: GW\夏季\年末年始 | R245: 124 | S245: 毎日一定のリズムでの就業が可能な為、 交代勤務特有の身体的不安、負担の懸念がない職場です。 | T245: 3.5 | U245: 3.5 | V245: 0.35416667 | W245: 0.70833333 | Y245: 徒歩\車\バス\自転車\電車 | Z245: 小牧原 | AB245: 名鉄小牧線小牧原駅より車で5分、徒歩13分の好立地 工場から直線距離が2km以内の方は、自動車通勤NGです。 工場から直線距離が1km以内の方は、自転車通勤NGです。 | AC245: 未経験者からチャレンジすることができます。 構内に管理者常駐しており、いつでも相談できる環境があります。 ほとんどの方が製造未経験でチャレンジされているため、安心居て働きやすい職場です。 作業場は全て室内になるため、空調完備。埃も無く、綺麗な環境で仕事ができます。 勤務帯も常時昼勤務で、体の負荷が少ないです。 2階の請負事務所に、当社の管理者が常駐しています。 気軽に業務やキャリアについて相談することができます。 | AE245: 可 | AF245: 補助なし | AG245: 可 | AH245: 赴任費用は弊社負担。 新規入社の方は引っ越し費用自己負担、異動者は400Pまで当社負担。 | AI245: 可 | AL245: 対象外 | AN245: 対象外 | AR245: 不問 | AS245: 20 | AT245: 50 | AU245: 無 | AV245: ・PCでのローマ字入力 ・マウスを使用して、PCの操作 | AW245: 無 | AY245: ・自己都合退職者の再入社は要相談 ・PC操作がマスト。文字・データ入力が出来ない方は配属不可
A246: PTJ1 | B246: 無期雇用 | C246: UTエイム(AIM） | D246: 白河オリンパス株式会社 | G246: ・プロセスバリデーション業務：製造工程における検証業務・確定値の洗い出し、ドキュメント作成 ・電子回路基板の開発業務：電子部品実装を考慮した電子回路基板開発、電子部品の実装工程設計、検証業務、医療器法規制を考慮した開発ドキュメントの作成 ・製造工程の設計開発／検証業務（工程設計／工程編成、治工具／設備の仕様検討・導入など） | H246: 福島県 | I246: 西白河郡西郷村大字小田倉字狼山3-1 | J246: 日勤 | K246: 265925 | L246: 35925 | M246: 0 | O246: 必須（入社前） | P246: 5勤2休 | Q246: GW\夏季\年末年始 | R246: 129 | U246: 20 | V246: 0.35416667 | W246: 0.71875 | Y246: 徒歩\車\自転車\バイク | Z246: 新白河 | AB246: 社宅利用の場合：工場近郊の場合は自家用車で１０分未満 路線バス利用の場合：最寄りバス停（降車：上新田）より徒歩８分 | AC246: 世界市場のトップを走り続けるオリンパスの医療用内視鏡の開発・製造に携われる仕事。 機械設計基礎知識、製品評価経験、電気・機械工学の知識を活かした活躍が出来る環境です。 工学系の知識や業務経験をお持ちで、それを活かせる職場です。 | AE246: 可 | AF246: 補助あり（会社負担割合） | AG246: 可 | AH246: 赴任時会社規定により負担あり | AI246: 否 | AL246: 対象外 | AN246: 対象外 | AR246: 不問 | AS246: 22 | AT246: 30 | AU246: 無 | AW246: 無 | AY246: 工学系大学卒業程度の電気／機械／材料工学などの一般的な知識を有するもの
A247: QAO1 | B247: 無期雇用 | C247: UTエイム(AIM） | D247: 株式会社くまさんメディクス | G247: 半導体を製造する装置を、客先にて立上る業務。 装置をバラした部品を搬入し、現地で組み立てをして装置を組み上げる。 その後装置が問題無く作動するか検査を行う。 | H247: 熊本県 | I247: 合志市福原1-1 | J247: 日勤 | K247: 406125 | L247: 52500 | M247: 0 | O247: 必須（入社前） | P247: 5勤2休 | Q247: GW\夏季\年末年始\有給取得奨励日 | R247: 119 | S247: ※出張期間中は別途、4,000円/日～10,000円/日の出張手当が支給されます。 月額120,000円～300,000円（金額は出張先により異なります） | T247: 5 | U247: 35 | V247: 0.35416667 | W247: 0.72916667 | Y247: 徒歩\車\バス\電車 | Z247: 原水 | AB247: 電車で通勤する際は基本相談お願い致します | AC247: 入社後1ヶ月間は事業所内で研修があり、研修内容は安全教育、ヒューマンエラー対策、有機溶剤教育、基本作業教育を 行います。研修後は出張に行き、研修で学んだことを実践しスキルを身に付けていきます。 出張帰着後は事業所内で資料による学習や実機を用いたトレーニングを行います。 このように学習と実践を繰り返すことで効率良く専門スキルを身に付けることができます。 様々な場所へ出張へ行く為、自身の見聞も広げられます。 | AE247: 可 | AF247: 補助あり（会社負担割合） | AG247: 可 | AH247: 新規：自己負担 異動：400ｐまで | AI247: 可 | AK247: ただし、定額補助・割合補助問わず、会社負担割合が90%を超える場合、超過額を給与から控除の上、同額を住宅手当(課税対象)として支給いたします。 県内住まいの方、熊本市内や玉名、宇城、宇土、阿蘇などに実家がある方は社宅自体NG ※八代、球磨郡などは相談可能 | AL247: 対象外 | AN247: 対象 | AR247: 不問 | AS247: 18 | AT247: 40 | AU247: 無 | AW247: 無 | AY247: 業務経験者は45歳迄可
A248: NJM1 | B248: 無期雇用 | C248: UTエイム(AIM） | D248: 株式会社くまさんメディクス | G248: 半導体製造装置メーカーの装置を組立てるお仕事です。 クリーンルームの綺麗で快適な環境で半導体製造装置の組み立て作業を行います。 大型装置のため、装置のユニット毎にチームに分かれてリーダーや先輩に教えてもらいながら作業を行います。 | H248: 熊本県 | I248: 菊池郡大津町杉水1135-1 | J248: 日勤 | K248: 233625 | L248: 30000 | M248: 0 | O248: 必須（入社前） | P248: 5勤2休 | Q248: GW\夏季\年末年始\有給取得奨励日 | R248: 119 | T248: 5 | U248: 20 | V248: 0.35416667 | W248: 0.72916667 | Y248: 徒歩\車\自転車\バイク\電車（20240612） | Z248: 肥後大津 | AB248: 電車で通勤する際は基本相談お願い致します | AC248: 入社後2週間は事業所内で研修があり、研修内容は安全教育、ヒューマンエラー対策、有機溶剤教育、基本作業教育を行います。 作業に必要な工具の基礎知識、使用方法もしっかりと教育がある為、研修後の実務も安心して取り組めます。 また、作業現場では顧客先社員のリーダーが身近にいる為、不安要素を適宜払拭しながら業務に取り組む事が出来ます。 安全衛生に対する意識も高く、定期的に教育を実施している為、安心して働ける職場です。 | AE248: 否 | AF248: 補助なし | AG248: 否 | AI248: 否 | AK248: ただし、定額補助・割合補助問わず、会社負担割合が90\%を超える場合、超過額を給与から控除の上、同額を住宅手当(課税対象)として支給いたします。 県内住まいの方、熊本市内や玉名、宇城、宇土、阿蘇などに実家がある方は社宅自体NG ※八代、球磨郡などは相談可能 | AL248: 対象外 | AN248: 対象 | AR248: 不問 | AS248: 18 | AT248: 45 | AU248: 無 | AW248: 無 | AY248: 現状46歳以上相談不可
A249: MNS1 | B249: 無期雇用 | C249: UTエイム(AIM） | D249: 株式会社くまさんメディクス | G249: エクセルを用いての製図作業。 エクセル上に配線図を引き、図面を作成する業務。 個人毎に担当図面を振り分けられるため、個人プレーが多い。 | H249: 熊本県 | I249: 合志市福原1-1 | J249: 日勤 | K249: 288891 | L249: 37097 | M249: 0 | O249: 必須（入社前） | P249: 5勤2休 | Q249: GW\夏季\年末年始\有給取得奨励日 | R249: 119 | T249: 5 | U249: 20 | V249: 0.39583333 | W249: 0.77083333 | Y249: 車 | Z249: 原水 | AB249: 電車で通勤する際は基本相談お願い致します | AC249: 様々な半導体製造装置の設計業務に携われるため、非常に高いスキルを身につける事が出来ます。 入社後1年間は教育期間として設定されている為、設計業務未経験からでも挑戦できる環境です。 体力を使う仕事でもないので、長い目で見た時にも生涯続けられる職種だと考えます。 | AE249: 可 | AF249: 補助あり（会社負担割合） | AG249: 可 | AH249: 新規：自己負担 異動：400ｐまで | AI249: 可 | AK249: ただし、定額補助・割合補助問わず、会社負担割合が90\%を超える場合、超過額を給与から控除の上、同額を住宅手当(課税対象)として支給いたします。 県内住まいの方、熊本市内や玉名、宇城、宇土、阿蘇などに実家がある方は社宅自体NG ※八代、球磨郡などは相談可能 ----- 県内住まいの方、熊本市内や玉名、宇城、宇土、阿蘇などに実家がある方は社宅自体NG ※八代、球磨郡などは相談可能 | AL249: 対象外 | AN249: 対象外 | AR249: 不問 | AS249: 18 | AT249: 40 | AU249: 有 | AV249: 半導体の設計経験or半導体製造装置の配管図をみながらの業務経験 | AW249: 無 | AY249: 業打あり
A250: QAS1 | B250: パート | C250: UTエイム(AIM） | D250: 株式会社くまさんメディクス | G250: 半導体製造装置メーカーの装置を組立てる作業。細かい部品の組み立てを行い、最終的にそれらの部品を組み上げて大型の装置を作る。 | H250: 熊本県 | I250: 菊池郡大津町杉水1135-1 | J250: 日勤 | K250: 167343 | L250: 33750 | M250: 0 | O250: 必須（入社前） | P250: 5勤2休 | Q250: GW\夏季\年末年始\有給取得奨励日 | R250: 119 | T250: 5 | U250: 30 | V250: 0.375 | W250: 0.70833333 | Y250: 徒歩\車\自転車\バイク | Z250: 肥後大津 | AB250: 送迎バス利用不可の為、自力通勤者限定となります | AC250: 入社後2週間は事業所内で研修があり、研修内容は安全教育、ヒューマンエラー対策、有機溶剤教育、基本作業教育を行います。 作業に必要な工具の基礎知識、使用方法もしっかりと教育がある為、研修後の実務も安心して取り組めます。 また、作業現場では顧客先社員のリーダーが身近にいる為、不安要素を適宜払拭しながら業務に取り組む事が出来ます。 安全衛生に対する意識も高く、定期的に教育を実施している為、安心して働ける職場です。 | AE250: 否 | AF250: 補助なし | AG250: 否 | AH250: 新規：自己負担 異動：400ｐまで | AI250: 否 | AL250: 対象外 | AN250: 対象 | AR250: 不問 | AS250: 18 | AT250: 44 | AU250: 無 | AW250: 無 | AY250: 業務経験者は45歳以上要相談
A251: AAF1 | B251: 正社員 | C251: UTエイム(AIM） | D251: 東京ｴﾚｸﾄﾛﾝ ﾃｸﾉﾛｼﾞｰｿﾘｭｰｼｮﾝｽﾞ株式会社 | G251: ・配管組立 ・端子台接続 ・部品の総合組立 ・ケーブル作成 ・検査 作業時に準備するもの ・図面 ・VPS(3Dで図面が確認できる) ・手順表 ・ガスフローチャート ・部品表 ・チェックシート 作業手順書、図面を確認しながら部材を保管場所から取り出し、作業場所で組立てを行う | H251: 岩手県 | I251: 奥州市江刺岩谷堂字松長根52 | J251: 日勤 | K251: 268601 | L251: 10334 | M251: 0 | O251: 任意 | P251: 5勤2休 | Q251: GW\夏季\年末年始 | R251: 123 | S251: ※休憩時間は10:00~10:05、12:00~13:00、15:00~15:10 | T251: 5 | U251: 5 | V251: 0.35416667 | W251: 0.71875 | Y251: 徒歩\車 | Z251: 金ヶ崎 | AB251: JR水沢駅からは車で25分 JR北上駅からは車で30分 ※送迎に関してはルート運用となっていますので、乗降場所まで来ていただく必要があります。 | AC251: 人気の日勤！ 全て手作業で男女問わず活躍中です。 作業環境は温度・湿度が管理されており快適です。先輩社員がひとつひとつ丁寧に指導しますので、製造未経験の方も安心です！ 食堂は美味しいと評判で、トイレ、ロッカー、更衣室、休憩室も綺麗です。 | AE251: 可 | AF251: 補助あり（会社負担割合） | AG251: 否 | AH251: 新規入社の方、移動交通費は会社負担、荷物等は自己負担となります。異動者は社内規定に準じます。 | AI251: 否 | AK251: 要確認 ----- 江刺CF在籍期間中社宅無料！ | AL251: 対象外 | AN251: 対象 | AR251: 不問 | AS251: 20 | AT251: 45 | AU251: 無 | AW251: 無 | AY251: 自己都合退職者の再入職は不可。
A252: BHR1 | B252: 無期雇用 | C252: UTエイム(AIM） | D252: 株式会社SCREEN SPE ワークス | G252: 半導体の洗浄工程の装置の組立。 図面を見ながら部品の組立・配線を行う。 部品数は数百点ほどある。基本的に2人1組のペア作業なのでコミュ力必要。 | H252: 富山県 | I252: 高岡市能町555-87 | J252: 日勤 | K252: 222581 | L252: 16129 | M252: 0 | O252: 必須（入社前） | P252: 5勤2休 | Q252: GW\夏季\年末年始\有給取得奨励日 | R252: 124 | T252: 5 | U252: 10 | V252: 0.35416667 | W252: 0.70833333 | Y252: 徒歩\車\バス\自転車\電車 | Z252: 能町口 | AC252: 平日昼勤のみ・土日祝休み・長期休暇あり・8:30~17:00or9:00~17:00と勤務時間短め・地元の方が多いので地元の良さがわかる・未経験可・年齢層も幅広く活躍・大手メーカー・将来役立つ知識が得られる | AE252: 可 | AF252: 補助あり（会社負担割合） | AG252: 否 | AH252: 本人移動費は会社負担致しますが、荷物送料は自己負担となります。 | AI252: 否 | AK252: ただし、定額補助・割合補助問わず、会社負担割合が90\%を超える場合、超過額を給与から控除の上、同額を住宅手当(課税対象)として支給いたします。 | AL252: 対象外 | AN252: 対象外 | AR252: 不問 | AS252: 22 | AT252: 35 | AU252: 無 | AV252: 社会人経験2~3年必須 | AW252: 無 | AX252: ※～34歳までは、社会人経験2~3年あれば製造未経験相談可能。35歳以上は製造経験必須（20240130） | AY252: 仕事を長く続ける人・コミュニケーションとれる人 高所恐怖症・閉所恐怖症NG
A253: PPO1 | B253: 無期雇用 | C253: UTエイム(AIM） | D253: 株式会社SCREEN SPE ワークス | G253: 装置の出荷前の最終確認工程。 装置の配管・配線が問題ないか・しっかり動作できるのかの確認。 薬液を使用し動作確認を行う。 | H253: 富山県 | I253: 高岡市岩坪23－25 | J253: 日勤 | K253: 222581 | L253: 16129 | M253: 0 | O253: 必須（入社前） | P253: 5勤2休 | Q253: GW\夏季\年末年始\有給取得奨励日 | R253: 124 | T253: 5 | U253: 10 | V253: 0.35416667 | W253: 0.70833333 | Y253: 車 | Z253: 高岡やぶなみ | AB253: 車通勤限定 | AC253: 平日昼勤のみ・土日祝休み・長期休暇あり・8:30~17:00or9:00~17:00と勤務時間短め・地元の方が多いので地元の良さがわかる・未経験可・年齢層も幅広く活躍・大手メーカー・将来役立つ知識が得られる | AE253: 可 | AF253: 補助あり（会社負担割合） | AG253: 否 | AH253: 本人移動費は会社負担致しますが、荷物送料は自己負担となります。 | AI253: 否 | AK253: ただし、定額補助・割合補助問わず、会社負担割合が90\%を超える場合、超過額を給与から控除の上、同額を住宅手当(課税対象)として支給いたします。 | AL253: 対象外 | AN253: 対象外 | AR253: 男性限定 | AS253: 22 | AT253: 35 | AU253: 無 | AW253: 有 | AX253: ※～34歳までは、社会人経験2~3年あれば製造未経験相談可能。35歳以上は製造経験必須（20240130） | AY253: 仕事を長く続ける人・コミュニケーションとれる人 高所恐怖症・閉所恐怖症NG 車持ち必須
A254: PPR1 | B254: 無期雇用 | C254: UTエイム(AIM） | D254: 株式会社SCREEN SPE ワークス | G254: 半導体製造装置を組み立てるための部品の発注・請求業務 ほかの業者の方とかかわるのでコミュ力は必須。 ビジネスメールやビジネスマナーが必要な部署になる 【仕事内容】 １．注文書の発行 ２．見積書の作成 ３．データ処理 ４．仕入れ先の対応（納期調整など） ５．検収処理 ６．主に専用システムとＥｘｃｅｌを使用します。 【変更範囲】会社内のすべての業務 | H254: 富山県 | I254: 高岡市本郷2丁目5番5号 | J254: 日勤 | K254: 222581 | L254: 16129 | M254: 0 | O254: 必須（入社前） | P254: 5勤2休 | Q254: GW\夏季\年末年始\有給取得奨励日 | R254: 124 | T254: 5 | U254: 10 | V254: 0.35416667 | W254: 0.70833333 | Y254: 徒歩\車\バス | Z254: 片原町（富山県） | AC254: 平日昼勤のみ・土日祝休み・長期休暇あり・8:30~17:00or9:00~17:00と勤務時間短め・地元の方が多いので地元の良さがわかる・未経験可・年齢層も幅広く活躍・大手メーカー・将来役立つ知識が得られる | AE254: 可 | AF254: 補助あり（会社負担割合） | AG254: 否 | AH254: 本人移動費は会社負担致しますが、荷物送料は自己負担となります。 | AI254: 否 | AK254: ただし、定額補助・割合補助問わず、会社負担割合が90\%を超える場合、超過額を給与から控除の上、同額を住宅手当(課税対象)として支給いたします。 | AL254: 対象外 | AN254: 対象外 | AR254: 不問 | AS254: 22 | AT254: 35 | AU254: 無 | AW254: 有 | AX254: ※～34歳までは、社会人経験2~3年あれば製造未経験相談可能。35歳以上は製造経験必須（20240130） | AY254: 仕事を長く続ける人・コミュニケーションとれる人・PCスキルやビジネスマナーがあるかたのみ
A255: PQZ1 | B255: 無期雇用 | C255: UTエイム(AIM） | D255: 株式会社SCREENファインテックソリューションズ | G255: 工程管理の補助業務、製造工程の請負企業とのスケジュール調整や不具合対応など、組み先への外出も有り。自動車の運転もある。 | H255: 滋賀県 | I255: 彦根市高宮町480番地1 | J255: 日勤 | K255: 285855 | L255: 21325 | M255: 0 | O255: 必須（入社前） | P255: 5勤2休 | Q255: GW\夏季\年末年始\有給取得奨励日 | R255: 124 | S255: 工場カレンダーに準ずる。土曜日が出勤日になって日もあります。 | T255: 5 | U255: 10 | V255: 0.35416667 | W255: 0.70833333 | Y255: 徒歩\車\バス\自転車\電車\バイク | Z255: スクリーン | AC255: クリーンルームや事務所での業務が多いので、暑さ寒さや汚れなどとは無縁の職場です。 顧客からの評価が高い場合には、NextｰUT(顧客転籍)に繋がる可能性もあります。 SCREENホールディングスのグループ会社です。 | AE255: 可 | AF255: 補助なし | AG255: 可 | AH255: 常識的な赴任費用(交通費)は領収書を元に生産可能。引越し費用は自己負担。 | AI255: 否 | AK255: 社宅は会社規定の物件となり、ご本人が選ぶことはできません。 | AL255: 対象外 | AN255: 対象外 | AR255: 不問 | AS255: 18 | AT255: 39 | AU255: 有 | AV255: 製造関係の業務経験1年 過去に図面関係に多少携わった経験が必須 普通自動車運転免許所有必須 通勤の際ビジネスカジュアルの服装必須(Yシャツのみ+スラックス※GパンNG) | AW255: 無 | AX255: 工程管理の業務経験があれば尚よし | AY255: 業務で自動車の運転がありますので、普通自動車運転免許は必須です。 図面を見て多少は理解できる方。
A256: PHO1 | B256: 無期雇用 | C256: UTエイム(AIM） | D256: ㈱ディスコ | G256: 材料を研削盤や旋盤を用いて加工を行って頂きます。 刃物を押し当てたり。砥石で材料を少しずつ削り取って目的の形状に作り上げていきます。 細かな寸法が決められているので正確さ経験が求められます。 | H256: 広島県 | I256: 呉市郷原町770664 | J256: その他 | K256: 301849 | L256: 53887 | M256: 0 | O256: 一切開催なし | P256: 5勤2休 | Q256: GW\夏季\年末年始\有給取得奨励日 | R256: 124 | S256: 繁忙期は残業MAX2時間、月40時間程度。土曜出勤の可能性もあり、土曜出勤は135％支払いです。祝日は100％休みになります。 | U256: 30 | V256: 0.35416667 | W256: 0.71875 | Y256: 車\バス\バイク | Z256: 呉 | AB256: 利用できる公共交通機関がありません。坂の上に工場があることもあり、全員がほぼ車通勤となります。工場近くに駐車場があり、駐車場から工場まで徒歩5~10分ほどとなります。また、社宅に入られる方も一番近い社宅から工場までが7キロくらいあり、アップダウンのある土地がらなため交通手段（車・バイク）は必要となります。 | AC256: 桑畑工場は、2015年に新設された非常にキレイで明るい工場での勤務です。自身のスキルアップも可能です。半導体製造ではなく、半導体製造装置を1から作成する半導体製造装置製造のため、他事業所よりスキルが身につきやすいです。 将来的なNextUTによりメーカー社員になれるチャンスのある案件になります。 | AE256: 可 | AF256: 補助あり（会社負担割合） | AG256: 可 | AH256: 本人移動費用は会社負担しますが、荷物配送料は自己負担になります。 | AI256: 可 | AK256: ※入寮者は全て全額会社負担。 ただし、定額補助・割合補助問わず、会社負担割合が90\%を超える場合、超過額を給与から控除の上、同額を住宅手当(課税対象)として支給いたします。 ※駐車場代(社宅)に関して、物件により4000円~8000円前後する場合がございます。 ----- 家賃無料（駐車場、水道光熱費は本人負担） 即入寮対応可能とさせて頂きます | AL256: 対象外 | AN256: 対象 | AR256: 男性限定 | AS256: 18 | AT256: 49 | AU256: 有 | AV256: ・縦型研削盤・ﾛｰﾀﾘｰ研削盤・円筒研削盤・NC旋盤など、いずれかの加工経験のみの方になります。（経験期間：1社最低6か月） 誘導時に研削盤加工経験の職務経歴送付して下さい。 | AW256: 有 | AX256: ・縦型研削盤・ﾛｰﾀﾘｰ研削盤・円筒研削盤・NC旋盤など、いずれかの加工経験のみの方になります。（経験期間：1社最低6か月） 誘導時に研削盤加工経験の職務経歴送付して下さい。 | AY256: 社会人としてのモラルのある方 ※玉掛け資格必須、工具の交換等も出来る方。 ※夜勤がある可能性があり、可能な方（20時～6時） カップル・夫婦は要相談(即入寮不可)
A257: OAA1 | B257: 無期雇用 | C257: UTエイム(AIM） | D257: 株式会社サンリッツ | G257: 半導体製造装置の定期的な保守やメンテナンス（装置を分解し部品の洗浄や交換）を治工具（ドライバー・スパナ・レンチ等）を使用して行います。 | H257: 富山県 | I257: 下新川郡入善町下上野40－1 | J257: 日勤 | K257: 255368 | L257: 18603 | M257: 0 | O257: 任意 | P257: 5勤2休 | Q257: GW\夏季\年末年始\有給取得奨励日 | R257: 121 | T257: 5 | U257: 11 | V257: 0.35763889 | W257: 0.72222222 | Y257: 徒歩\車\自転車\電車 | Z257: 入善 | AB257: あいの風とやま鉄道 入善駅より徒歩10分弱 自家用車通勤可能（規定有り） | AC257: ・新卒の場合：未経験でもok ・コミュ力が必要なので必然的にコミュ力が上がった(自分が伝えたいことを伝えれるようになる) ・いつでも、すぐに相談できる雰囲気がある ・技術だけではなく人間性が上がっていく | AE257: 可 | AF257: 補助あり（会社負担割合） | AG257: 可 | AH257: 新規：本人負担 異動：会社負担（規定有：ハート引越し４００P 以内） | AI257: 否 | AK257: ただし、定額補助・割合補助問わず、会社負担割合が90\%を超える場合、超過額を給与から控除の上、同額を住宅手当(課税対象)として支給いたします。 | AL257: 対象外 | AN257: 対象外 | AR257: 不問 | AS257: 18 | AT257: 35 | AU257: 有 | AV257: 生産設備の電気回路・制御/配電盤/制御盤などの設計開発・改善を行い必要に応じて、検証や不具合の確認を行う電気技術者 製品の生産データを取得、解析することで、工程効率化・品質改善を行う技術者 | AW257: 無 | AY257: ウエスト95cm以下 身長：155cm~190cm 制服サイズ：4L以下
A258: BUH1 | B258: 無期雇用 | C258: UTエイム(AIM） | D258: 【富】株式会社KOKUSAI ELECTRIC | G258: ・本体の一部の箱に電装品や配管を組み付ける作業。納入部品や部品組立工程から流れてきた部品を組み付けます。本体の配線の大動脈となる束線を作成。 ・配線接続作業や配管接続作業、クレーンを用いたボックスの積み上げ業務。細かいグループに分かれて作業に取り組み。 ・電源を入れる前の配線や配管の確認、本体内部のロボットアーム微調整やソフトウェアインストール、エラーチェック等の業務 出荷前の最終確認業務。 | H258: 富山県 | I258: 富山市八尾町保内２丁目１ | J258: 日勤 | K258: 276343 | L258: 46343 | M258: 0 | O258: 一切開催なし | P258: 5勤2休 | Q258: GW\夏季\年末年始\有給取得奨励日 | R258: 128 | S258: テクセン研修時（10日間）は上記シフトにて勤務となります。 | U258: 25 | V258: 0.35416667 | W258: 0.70833333 | Y258: 徒歩\車\バス\自転車\電車 | Z258: 越中八尾 | AB258: ・駅からコミュニティバス（定期が無いので月末に清算）運行中又は徒歩で約30分（2キロ程） ・自動車での通勤可能（顧客駐車場は無料。工場隣接です） ・自動車での通勤可能（顧客駐車場は無料。工場隣接です） ・自転車での通勤可能。但しバイク（原付含む）通勤は不可 | AC258: 【職場ＰＲ】 ・今、話題の半導体業界で将来装置エンジニアになる事も出来る業務です。 ・未経験からエンジニア領域の仕事に就けるチャンスです。 【エリアＰＲ】 大自然豊かな地域で食べ物が美味しく、立山連峰が綺麗な場所になります。 【ﾃｸﾉﾛｼﾞｰ案件での就業】 賞与(年間2~2.5か月分)の給与が支給されます！ | AE258: 可 | AF258: 補助あり（会社負担割合） | AG258: 可 | AH258: 本人の移動費用は会社負担になりますが、荷物送料も会社負担となります。※会社規定に則る | AI258: 可 | AK258: 社宅補助については、住宅手当(課税対象)として支給いたします。 | AL258: 対象 | AM258: 入社日に5万円＋入社1か月後に再度5万円の合計10万円を支給。 ※入社1か月後の支給については支給日に在籍していることが条件。 | AN258: 対象外 | AR258: 不問 | AS258: 18 | AT258: 35 | AU258: 無 | AW258: 無 | AY258: ウエスト100cm以下 体重95キロ以下 高所恐怖症NG
A259: EQE1 | B259: 無期雇用 | C259: UTエイム(AIM） | D259: 【富】株式会社KOKUSAI ELECTRIC | G259: 海外のお客様工場へ出向き、半導体製造装置のセットアップ作業 装置が組みあがった形で引き継がれるので、その後のソフト・ハード共に調整する作業 | H259: 富山県 | I259: 富山市八尾町保内２丁目１ | J259: 日勤 | K259: 553548 | L259: 43548 | M259: 0 | O259: 一切開催なし | P259: その他 | Q259: GW\夏季\年末年始\有給取得奨励日 | R259: 124 | S259: 配属後、一週間はUT研修の為「09:00～18:00」の勤務時間で就労します。その後、上記の勤務時間になります。 | U259: 20 | V259: 0.35416667 | W259: 0.70833333 | Y259: 徒歩\車\バス\電車 | Z259: 越中八尾 | AB259: 自動車通勤可能。公共交通機関での通勤も可能。（バイク（原付含め）は禁止になります。） | AC259: 【職場ＰＲ】 ・今、一番勢いのある半導体業界で重要なフィールドエンジニアに未経験からなれるチャンスです！ ・世界をまたにかける業種の為、色々な国へいけます！ ・超高収入かつ社宅無料で固定費を抑えられるので、ガッツリと稼げます！ ・客先で約1ヵ月半の研修を受けることができます。未経験者からでも学びながら成長できます！ 【エリアＰＲ】 大自然な地域で食べ物が美味しく、立山連峰が綺麗な場所になります。 | AE259: 可 | AF259: 補助あり（会社負担割合） | AG259: 可 | AH259: 本人の移動費用は会社負担になりますが、荷物送料は自己負担になります。 | AI259: 否 | AK259: ただし、定額補助・割合補助問わず、会社負担割合が90％を超える場合、超過額を給与から控除の上、同額を住宅手当(課税対象)として支給いたします。 | AL259: 対象外 | AN259: 対象外 | AR259: 男性限定 | AS259: 18 | AT259: 35 | AU259: 無 | AW259: 無 | AY259: ウエスト100cm以下 体重95キロ以下 高所恐怖症NG
A260: GOT1 | B260: 無期雇用 | C260: UTエイム(AIM） | D260: 【富】株式会社KOKUSAI ELECTRIC | G260: ・装置内のガスの配管を設計やその他の機械設計など様々な設計があり、グループに分かれて業務を行います。 ①筐体グループ・・・ボックスと呼ばれる装置のもととなる箱を作る為の板金設計 ②炉体グループ・・・反応炉に必要な備品の機械設計 ③排気グループ・・・真空配管の装置内の配置設計 | H260: 富山県 | I260: 富山市八尾町保内２丁目１ | J260: 日勤 | K260: 324987 | L260: 44987 | M260: 0 | O260: 一切開催なし | P260: 5勤2休 | Q260: GW\夏季\年末年始\有給取得奨励日 | R260: 128 | S260: 配属後は1?2か月の間は昼勤務のみ。 | U260: 20 | V260: 0.375 | W260: 0.72916667 | Y260: 徒歩\車\バス\電車 | Z260: 越中八尾 | AB260: ・駅からコミュニティバス（定期が無いので月末に清算）運行中又は徒歩で約30分（2キロ程） ・残業終了時はエイムシャトルバスあり。 ・自動車での通勤可能（顧客駐車場は無料。工場隣接です。） ・自転車・バイク（原付含む）通勤は不可 | AC260: 【職場ＰＲ】 ・今、話題の半導体業界で将来装置エンジニアになる事も出来る業務です。 ・半導体業界で設計の専門的技能を磨くチャンスです。 【エリアＰＲ】 大自然豊かな地域で食べ物が美味しく、立山連峰が綺麗な場所になります。 【ﾃｸﾉﾛｼﾞｰ案件での就業】 賞与(年間2~2.5か月分)の給与が支給されます！ 帰省手当(既婚者帰省は2か月に1回・独身者は年に2回)を利用できます！ | AE260: 可 | AF260: 補助あり（会社負担割合） | AG260: 可 | AH260: 本人の移動費用は会社負担になりますが、荷物送料は自己負担になります。 | AI260: 可 | AK260: 社宅補助については、住宅手当(課税対象)として支給いたします。 | AL260: 対象外 | AN260: 対象外 | AR260: 不問 | AS260: 18 | AT260: 35 | AU260: 無 | AW260: 無 | AY260: 2DCAD経験必須 電気図面理解必須
A261: LXN1 | B261: 無期雇用 | C261: UTエイム(AIM） | D261: 【仙】ｱﾙﾊﾞｯｸ東北株式会社 国内作業 | G261: アルバック社製の半導体装置の組付けや改造、トラブル対応やメンテナンス業務。半導体業務に付随する業務。 | H261: 青森県 | I261: 八戸市北インター工業団地6-1-16 | J261: 日勤 | K261: 274143 | L261: 36725 | M261: 0 | O261: 一切開催なし | P261: 5勤2休 | Q261: GW\夏季\年末年始\有給取得奨励日 | R261: 123 | T261: 5.05 | U261: 20 | V261: 0.35416667 | W261: 0.71180556 | Y261: 車\バイク | Z261: 陸奥市川 | AB261: 八戸自動車道【八戸北IC】より車で5分 東北新幹線【八戸駅】より車で20分 | AC261: 半導体のスキルが身につき手工具スキルも習得可能で装置立上げやメンテナンス業務のスキルが上がります（フィールドエンジニア職種のため豊富な知識が身に着きます）食堂は美味しいと評判で、トイレ、ロッカー、更衣室、休憩室も綺麗です。 | AE261: 可 | AF261: 補助あり（会社負担割合） | AG261: 可 | AH261: 当社規定による | AI261: 可 | AK261: ・定額補助・割合補助問わず、会社負担割合が90\%を超える場合、超過額を給与から控除の上、同額を住宅手当(課税対象)として支給いたします。 ・駐車場代に関して自己負担となりますが駐車場別に代金は異なります（約3,500円） | AL261: 対象外 | AN261: 対象外 | AR261: 不問 | AS261: 20 | AT261: 35 | AU261: 無 | AW261: 有 | AX261: 半導体経験者で半導体についての知識（作業にて工具類を使用していると尚可）とクリーンルームでの作業の経験がある | AY261: 経験者であれば 年齢相談可と
A262: QAV1 | B262: 無期雇用 | C262: UTエイム(AIM） | D262: 株式会社SCREEN SPEワークス | G262: 半導体製造装置の構成部品の配管施工作業 クリーンルーム内で一般工具や治具を使用して半導体製造装の置構成部品の配管施工作業を行います。 | H262: 滋賀県 | I262: 彦根市高宮町480-1 | J262: 日勤 | K262: 251250 | L262: 18750 | M262: 0 | O262: 必須（入社前） | P262: 5勤2休 | Q262: GW\年末年始\有給取得奨励日 | R262: 124 | T262: 5 | U262: 10 | V262: 0.375 | W262: 0.70833333 | Y262: 徒歩\車\自転車\電車\バイク | Z262: スクリーン | AC262: ・未経験でもやる気があれば配属可能。 ・工場内には食堂、売店が設置されている。 ・工場内に従業員管理対応者が配属されており、気軽に相談できる環境。 ・女性が多い職場で和気あいあいとした雰囲気があります。 | AE262: 可 | AF262: 補助あり（会社負担割合） | AG262: 可 | AH262: 引越し費用は自己負担。ご本人の赴任の旅費交通費は、後日領収書をもって精算可能。 | AI262: 否 | AK262: 社宅費の補助の対象となる費用は家賃+共益費の6割です。（補助上限を超える金額は自己負担となります。） ※その他水道光熱費や環境維持費、自治会費は自己負担となります。ただし、定額補助・割合補助問わず、会社負担割合が90\%を超える場合、超過額を給与から控除の上、同額を住宅手当(課税対象)として支給いたします。 | AL262: 対象外 | AN262: 対象外 | AR262: 不問 | AS262: 18 | AT262: 35 | AU262: 無 | AV262: PC使用経験(エクセル及びワードに文字入力が出来る程度で可） | AW262: 無 | AY262: 最低限のコミュニケーション力と周りと合わせられる協調性が必須です。
A263: ESO1 | B263: 無期雇用 | C263: UTエイム(AIM） | D263: 【北】ラムリサーチ合同会社 | G263: ラムリサーチ社の半導体装置の組付けや改造、トラブル対応やメンテナンス業務。半導体業務に付随する業務。 | H263: 岩手県 | I263: 北上市流通センター22-25 | J263: 日勤 | K263: 308750 | L263: 23750 | M263: 0 | O263: 一切開催なし | P263: 5勤2休 | Q263: GW\夏季\年末年始\有給取得奨励日 | R263: 124 | U263: 10 | V263: 0.375 | W263: 0.72916667 | Y263: 徒歩\車\自転車\電車\バイク | Z263: 村崎野 | AC263: 半導体のスキルが身につき手工具スキルも習得可能で装置立上げやメンテナンス業務のスキルが上がります（フィールドエンジニア職種のため豊富な知識が身に着きます）食堂は美味しいと評判で、トイレ、ロッカー、更衣室、休憩室も綺麗です。 | AE263: 可 | AF263: 補助あり（会社負担割合） | AG263: 可 | AH263: 当社規定による | AI263: 可 | AK263: ただし、定額補助・割合補助問わず、会社負担割合が90\%を超える場合、超過額を給与から控除の上、同額を住宅手当(課税対象)として支給いたします。 駐車場代は目安です。 | AL263: 対象外 | AN263: 対象外 | AR263: 不問 | AS263: 18 | AT263: 40 | AU263: 有 | AV263: 手動工具の経験。PC操作（word,excel,power point）。 | AW263: 有 | AX263: クリーンルーム内での業務経験。 | AY263: 社会人としてのモラルのある方・コミュニケーション力を持ちの方。 学歴不問だが、理系卒が望ましい。長期のキャリア形成の為、転職が多い方の配属は不可となります。
A264: PUG1 | B264: 無期雇用 | C264: UTエイム(AIM） | D264: 株式会社SCREENｾﾐｺﾝﾀﾞｸﾀｰｿﾘｭｰｼｮﾝｽﾞ | G264: 構内生産の社員サポート業務および現場作業 ①管理業務 ②手順書の作成、教育 ③改善活動 既存に手順書の改定、現場社員へ教育。 | H264: 滋賀県 | I264: 彦根市高宮町480-1 | J264: 日勤 | K264: 255818 | L264: 25818 | M264: 0 | O264: 必須（入社前） | P264: 5勤2休 | Q264: GW\年末年始\有給取得奨励日 | R264: 124 | U264: 15 | V264: 0.375 | W264: 0.72916667 | Y264: 徒歩\車\バス\自転車\電車\バイク | Z264: スクリーン | AB264: JR「彦根駅」より 近江鉄道「スクリーン駅」下車すぐ（構内直結） 車・タクシー15分 名神高速道路「彦根IC」より車20分 | AC264: ・人気の日勤(5勤2休)の為、ワークライフバランスが取りやすい。 ・半導体洗浄装置の専門的な知識と技術を身に付けることが出来る。 ・大阪・京都・名古屋など主要都市へも電車で60分程。 ・NextUT(転籍)の実績があり、目指す事が出来る。 | AE264: 可 | AF264: 補助あり（会社負担割合） | AG264: 可 | AH264: 引越し費用は自己負担。赴任の旅費は、後日領収書をもって精算可能 | AI264: 否 | AK264: 社宅費の補助の対象となる費用は家賃+共益費の6割です。（補助上限を超える金額は自己負担となります。） ※その他水道光熱費や環境維持費、自治会費は自己負担となります。ただし、定額補助・割合補助問わず、会社負担割合が90\%を超える場合、超過額を給与から控除の上、同額を住宅手当(課税対象)として支給いたします。 | AL264: 対象外 | AN264: 対象外 | AR264: 不問 | AS264: 22 | AT264: 35 | AU264: 有 | AV264: 何かしらの製造・技術経験 リーダーとして人をマネジメントしたことがある、手順書等の改定を行った事がある。 | AW264: 有 | AX264: 未経験可 （半導体製造経験があった方が望ましい） | AY264: チームで行動する為、コミュニケーション力
A265: OUV1 | B265: 無期雇用 | C265: UTエイム(AIM） | D265: 株式会社SCREENｾﾐｺﾝﾀﾞｸﾀｰｿﾘｭｰｼｮﾝｽﾞ | G265: 洗浄装置、塗布装置の構内生産の社員サポート業務および現場作業 ①工程管理業務 ②工程管理手順 ③管理業務 物流業務の改善 各物流拠点で部品の管理・調整 部品、機器、アドレスなどのデータ管理 各物流拠点のパトロールなど | H265: 滋賀県 | I265: 彦根市高宮町480-1 | J265: 日勤 | K265: 255818 | L265: 25818 | M265: 0 | O265: 必須（入社前） | P265: 5勤2休 | Q265: GW\年末年始\有給取得奨励日 | R265: 124 | U265: 15 | V265: 0.375 | W265: 0.72916667 | Y265: 徒歩\車\バス\自転車\電車\バイク | Z265: スクリーン | AB265: JR「彦根駅」より 近江鉄道「スクリーン駅」下車すぐ（構内直結） 車・タクシー15分 名神高速道路「彦根IC」より車20分 | AC265: ・人気の日勤(5勤2休)の為、ワークライフバランスが取りやすい。 ・半導体洗浄装置の専門的な知識と技術を身に付けることが出来る。 ・大阪・京都・名古屋など主要都市へも電車で60分程。 ・NextUT(転籍)の実績があり、目指す事が出来る。 | AE265: 可 | AF265: 補助あり（会社負担割合） | AG265: 可 | AH265: 引越し費用は自己負担。赴任の旅費は、後日領収書をもって精算可能 | AI265: 否 | AK265: 社宅費の補助の対象となる費用は家賃+共益費の6割です。（補助上限を超える金額は自己負担となります。） ※その他水道光熱費や環境維持費、自治会費は自己負担となります。ただし、定額補助・割合補助問わず、会社負担割合が90\%を超える場合、超過額を給与から控除の上、同額を住宅手当(課税対象)として支給いたします。 | AL265: 対象外 | AN265: 対象外 | AR265: 不問 | AS265: 22 | AT265: 35 | AU265: 有 | AV265: 何かしらの製造・技術経験 | AW265: 有 | AX265: 未経験可 （半導体製造経験があった方が望ましい） | AY265: チームで行動する為、コミュニケーション力
A266: PUA1 | B266: 無期雇用 | C266: UTエイム(AIM） | D266: 株式会社SCREENｾﾐｺﾝﾀﾞｸﾀｰｿﾘｭｰｼｮﾝｽﾞ | G266: 半導体洗浄装置、半導体塗布装置の構内生産の社員サポート業務 ①試作機の組立、調整、検査業務 ②部品および装置洗浄業務 ③それらに付随する生産サポート業務 | H266: 滋賀県 | I266: 彦根市高宮町480-1 | J266: 日勤 | K266: 247212 | L266: 17212 | M266: 0 | O266: 一切開催なし | P266: 5勤2休 | Q266: GW\年末年始\有給取得奨励日 | R266: 124 | U266: 10 | V266: 0.375 | W266: 0.72916667 | Y266: 徒歩\車\バス\自転車\電車\バイク | Z266: スクリーン | AB266: ?JR「彦根駅」より 近江鉄道「スクリーン駅」下車すぐ（構内直結）、または車・タクシー15分 ?名神高速道路「彦根IC」より車20分 | AC266: ・人気の日勤(5勤2休)の為、ワークライフバランスが取りやすい。 ・半導体洗浄装置の専門的な知識と技術を身に付けることが出来る。 ・大阪・京都・名古屋など主要都市へも電車で60分程。 ・NextUT(転籍)の実績があり、目指す事が出来る。 | AE266: 可 | AF266: 補助あり（会社負担割合） | AG266: 可 | AH266: 引越し費用は自己負担。赴任の旅費は、後日領収書をもって精算可能 | AI266: 否 | AK266: 社宅費の補助の対象となる費用は家賃+共益費の6割です。（補助上限を超える金額は自己負担となります。） ※その他水道光熱費や環境維持費、自治会費は自己負担となります。ただし、定額補助・割合補助問わず、会社負担割合が90\%を超える場合、超過額を給与から控除の上、同額を住宅手当(課税対象)として支給いたします。 | AL266: 対象外 | AN266: 対象外 | AR266: 不問 | AS266: 18 | AT266: 35 | AU266: 有 | AV266: 半導体業界での何かしらの製造・技術経験 | AW266: 有 | AX266: 製造経験があった方が望ましい | AY266: チームで行動する為、コミュニケーション力
A267: ABZ1 | B267: 無期雇用 | C267: UTエイム(AIM） | D267: 東北エプソン株式会社 | G267: クリーンルーム内でプリンター部品等の加工マシンオペレーター業務、目視検査、または顕微鏡での検査、作業した製品データをPCに入力する業務もあります。 | H267: 山形県 | I267: 酒田市大字十里塚字村東山166-3 | J267: 2交替 | K267: 247330 | L267: 50881 | M267: 13083 | O267: 必須（入社前） | P267: 4勤2休 | Q267: 夏季\年末年始 | R267: 136 | S267: 入社後シフトに入るまでは8：30～17：15の勤務（1週間程度）。シフトに入った後は原則セット残業(2H程度）となります。 日勤、夜勤のシフトは工場カレンダーに準ずる為ランダムとなります。 | U267: 35 | V267: 0.35416667 | W267: 0.73958333 | Y267: 車 | Z267: 酒田 | AB267: 自動車通勤のみ | AC267: 教育環境が良く、指導者も丁寧なので人間関係トラブルが少なく 非常に働きやすい会社です。 休憩も多く設定されているので残業があってもしっかり休めます。 職場も綺麗で食堂も広く安価で利用が出来ます。（売店もあり） | AE267: 可 | AF267: 補助あり（上限金額） | AG267: 可 | AH267: 引越し費用は自己負担、赴任費用は会社負担とさせていただきます | AI267: 否 | AK267: 社宅費用￥50000まで無料。物件指定不可 ----- 家賃無料（上限5万円） | AL267: 対象外 | AN267: 対象外 | AR267: 不問 | AS267: 18 | AT267: 49 | AU267: 無 | AW267: 無 | AY267: 自己都合退職者の再入職は不可。
A268: GGG1 | B268: 無期雇用 | C268: UTエイム(AIM） | D268: TDKエレクトロニクスファクトリーズ株式会社 | G268: スマホやPCなどの電化製品に使用する電子部品（コイル製品）製造マシンオペレーター及び検査業務。 未経験者でも作業可能な簡単なオペレーション業務になります。 検査作業は顕微鏡を使用しての業務となっていますが基本的にはマシンオペレーター業務となっています。 ①製品をマシンにセット②機種に合わせ設定しスタートボタンを押す③自動的に生産が開始④出来上がった製品の外観検査⑤次工程へ配送 | H268: 山形県 | I268: 鶴岡市宝田1-14-38 | J268: 2交替 | K268: 221784 | L268: 0 | M268: 12995 | O268: 必須（入社前） | P268: 3勤3休 | Q268: 年末年始\有給取得奨励日 | R268: 185 | S268: ・入社後1週間程度の日勤での研修があります。 | V268: 0.35416667 | W268: 0.86111111 | Y268: 車 | Z268: 鶴岡 | AB268: 日本海東北自動車道：鶴岡ICから車で15分 | AC268: 3日働いたら3日お休み、 3勤3休のお仕事になります。 月の半分がお休みなのでプライベートも充実 趣味や自分の時間がたくさん取れます 美味しく手頃な社員食堂あり、 一人でも職場の方とでも、楽しいランチができます | AE268: 否 | AF268: 補助あり（上限金額） | AG268: 否 | AH268: 自己負担（赴任旅費全額負担） | AI268: 否 | AK268: ただし、定額補助・割合補助問わず、会社負担割合が90\%を超える場合、超過額を給与から控除の上、同額を住宅手当(課税対象)として支給いたします。 | AL268: 対象外 | AN268: 対象外 | AR268: 不問 | AS268: 18 | AT268: 49 | AU268: 無 | AW268: 無 | AY268: 自己都合退職者の再入職は不可。
A269: LRF1 | B269: 無期雇用 | C269: UTエイム(AIM） | D269: TDKエレクトロニクスファクトリーズ株式会社 | G269: スマホやPCなどの電化製品に使用する電子部品（コイル製品）製造マシンオペレーター及び検査業務。 未経験者でも作業可能な簡単なオペレーション業務になります。 検査作業は顕微鏡を使用しての業務となっていますが基本的にはマシンオペレーター業務となっています。 ①製品をマシンにセット②機種に合わせ設定しスタートボタンを押す③自動的に生産が開始④出来上がった製品の外観検査⑤次工程へ配送 | H269: 山形県 | I269: 鶴岡市山田字油田97 | J269: 2交替 | K269: 209509 | L269: 0 | M269: 0 | O269: 必須（入社前） | P269: 3勤3休 | Q269: 年末年始\有給取得奨励日 | R269: 186 | S269: ・入社後1週間程度の日勤での研修があります。 | V269: 0.35416667 | W269: 0.86111111 | Y269: 車 | Z269: 羽前大山 | AB269: 日本海東北自動車道：鶴岡ICから車で10分 | AC269: 3日働いたら3日お休み、 3勤3休のお仕事になります。 月の半分がお休みなのでプライベートも充実 趣味や自分の時間がたくさん取れます 美味しく手頃な社員食堂あり、 一人でも職場の方とでも、楽しいランチができます | AE269: 否 | AF269: 補助なし | AG269: 否 | AI269: 否 | AK269: 現在社宅の取り扱いはしておりません | AL269: 対象外 | AN269: 対象外 | AR269: 不問 | AS269: 18 | AT269: 49 | AU269: 無 | AW269: 無 | AY269: 自己都合退職者の再入職は不可。
A270: BHL1 | B270: 無期雇用 | C270: UTエイム(AIM） | D270: TDKエレクトロニクスファクトリーズ株式会社 | G270: スマホやPCなどの電化製品に使用する電子部品（コイル製品）製造マシンオペレーター及び検査業務。 未経験者でも作業可能な簡単なオペレーション業務になります。 検査作業は顕微鏡を使用しての業務となっていますが基本的にはマシンオペレーター業務となっています。 ①製品をマシンにセット②機種に合わせ設定しスタートボタンを押す③自動的に生産が開始④出来上がった製品の外観検査⑤次工程へ配送 | H270: 山形県 | I270: 鶴岡市山田油田97 | J270: 2交替 | K270: 222111 | L270: 0 | M270: 13097 | O270: 必須（入社前） | P270: 3勤3休 | Q270: 年末年始\有給取得奨励日 | R270: 185 | S270: ・入社後1週間程度の日勤での研修があります。 | V270: 0.35416667 | W270: 0.86111111 | Y270: 車 | Z270: 羽前大山 | AB270: 日本海東北自動車道：鶴岡ICから車で10分 | AC270: 3日働いたら3日お休み、 3勤3休のお仕事になります。 月の半分がお休みなのでプライベートも充実 趣味や自分の時間がたくさん取れます 美味しく手頃な社員食堂あり、 一人でも職場の方とでも、楽しいランチができます | AE270: 否 | AF270: 補助あり（上限金額） | AG270: 否 | AH270: 自己負担（赴任旅費全額負担） | AI270: 否 | AK270: ただし、定額補助・割合補助問わず、会社負担割合が90\%を超える場合、超過額を給与から控除の上、同額を住宅手当(課税対象)として支給いたします。 | AL270: 対象外 | AN270: 対象外 | AR270: 不問 | AS270: 18 | AT270: 49 | AU270: 無 | AW270: 無 | AY270: 自己都合退職者の再入職は不可。
A271: ACB1 | B271: 無期雇用 | C271: UTエイム(AIM） | D271: TDKエレクトロニクスファクトリーズ株式会社 | G271: スマホやPCなどの電化製品に使用する電子部品（コイル製品）製造マシンオペレーター及び検査業務。 未経験者でも作業可能な簡単なオペレーション業務になります。 検査作業は顕微鏡を使用しての業務となっていますが基本的にはマシンオペレーター業務となっています。 ①製品をマシンにセット②機種に合わせ設定しスタートボタンを押す③自動的に生産が開始④出来上がった製品の外観検査⑤次工程へ配送 | H271: 山形県 | I271: 酒田市宮海明治99-20 | J271: 2交替 | K271: 222068 | L271: 0 | M271: 13031 | O271: 必須（入社前） | P271: 3勤3休 | Q271: 年末年始\有給取得奨励日 | R271: 185 | S271: ・入社後1週間程度の日勤での研修があります。 | V271: 0.35416667 | W271: 0.86111111 | Y271: 車 | Z271: 酒田 | AB271: 日本海東北自動車道：酒田みなとICから車で5分程度 | AC271: 3日働いたら3日お休み、 3勤3休のお仕事になります。 月の半分がお休みなのでプライベートも充実 趣味や自分の時間がたくさん取れます 美味しく手頃な社員食堂あり、 一人でも職場の方とでも、楽しいランチができます | AE271: 否 | AF271: 補助あり（上限金額） | AG271: 否 | AH271: 自己負担（赴任旅費全額負担） | AI271: 否 | AK271: ただし、定額補助・割合補助問わず、会社負担割合が90\%を超える場合、超過額を給与から控除の上、同額を住宅手当(課税対象)として支給いたします。 庄内地域の方の入寮はお断りしております。 | AL271: 対象外 | AN271: 対象外 | AR271: 不問 | AS271: 18 | AT271: 49 | AU271: 無 | AW271: 無 | AY271: 自己都合退職者の再入職は不可。
A272: BGT1 | B272: 無期雇用 | C272: UTエイム(AIM） | D272: TDKエレクトロニクスファクトリーズ株式会社 | G272: スマホやPCなどの電化製品に使用する電子部品（コイル製品）製造マシンオペレーター及び検査業務。 未経験者でも作業可能な簡単なオペレーション業務になります。 検査作業は顕微鏡を使用しての業務となっていますが基本的にはマシンオペレーター業務となっています。 ①製品をマシンにセット②機種に合わせ設定しスタートボタンを押す③自動的に生産が開始④出来上がった製品の外観検査⑤次工程へ配送 | H272: 山形県 | I272: 酒田市宮海明治99-19 | J272: 2交替 | K272: 246408 | L272: 0 | M272: 14433 | O272: 必須（入社前） | P272: 3勤3休 | Q272: 年末年始\有給取得奨励日 | R272: 185 | S272: ・入社後1週間程度の日勤での研修があります。 | V272: 0.35416667 | W272: 0.86111111 | Y272: 車 | Z272: 酒田 | AB272: 日本海東北自動車道：酒田みなとICから車で5分程度 | AC272: 3日働いたら3日お休み、 3勤3休のお仕事になります。 月の半分がお休みなのでプライベートも充実 趣味や自分の時間がたくさん取れます 美味しく手頃な社員食堂あり、 一人でも職場の方とでも、楽しいランチができます | AE272: 可 | AF272: 補助あり（上限金額） | AG272: 可 | AH272: 引越し費用は自己負担、赴任費用は会社負担とさせていただきます | AI272: 否 | AK272: ただし、定額補助・割合補助問わず、会社負担割合が90\%を超える場合、超過額を給与から控除の上、同額を住宅手当(課税対象)として支給いたします。 庄内地域の方の入寮は原則お断りしております。 ----- 社宅無料（上限￥46000） | AL272: 対象外 | AN272: 対象外 | AR272: 不問 | AS272: 18 | AT272: 49 | AU272: 無 | AW272: 無 | AY272: 自己都合退職者の再入職は不可。 52歳までは要相談（面接後顧客へ確認させていただきます）
A273: BQJ1 | B273: 無期雇用 | C273: UTエイム(AIM） | D273: 【仙】ｿﾆｰｾﾐｺﾝﾀﾞｸﾀﾏﾆｭﾌｧｸﾁｬﾘﾝｸﾞ株式会社 山形ﾃｸﾉﾛｼﾞｰｾﾝﾀｰ | G273: 半導体製造装置の保守保全 イオン注入、CVD、スパッタ、インプラント装置などを担当し保守、保全業務に従事。 インプラ部門においての、オペレーション、装置の保守保全、ガス交換等 主に、縦型拡散炉の、オペレーション、装置の保全保全、機能回復等 一部出張あり | H273: 山形県 | I273: 鶴岡市宝田1-11-73 | J273: 2交替 | K273: 259581 | L273: 0 | M273: 14939 | O273: 必須（入社前） | P273: その他 | Q273: GW\夏季\年末年始 | R273: 124 | T273: 10 | V273: 0.3125 | W273: 0.8125 | Y273: 徒歩\車\自転車 | Z273: 鶴岡 | AB273: 山形自動車道・日本海沿岸東北道鶴岡ICより車で10分 | AC273: 3日働いたら3日お休み、 3勤3休のお仕事になります。 月の半分がお休みなのでプライベートも充実 趣味や自分の時間がたくさん取れます 美味しく手頃な社員食堂あり、 一人でも職場の方とでも、楽しいランチができます | AE273: 可 | AF273: 補助あり（会社負担割合） | AG273: 可 | AH273: 当社規定による | AI273: 否 | AK273: ただし、定額補助・割合補助問わず、会社負担割合が90\%を超える場合、超過額を給与から控除の上、同額を住宅手当(課税対象)として支給いたします。 | AL273: 対象外 | AN273: 対象外 | AR273: 男性限定 | AS273: 20 | AT273: 39 | AU273: 有 | AV273: 半導体エンジニア | AW273: 有 | AX273: 半導体エンジニア | AY273: 再入職は要相談。
A274: BIF1 | B274: 無期雇用 | C274: UTエイム(AIM） | D274: ルネサスエレクトロニクス株式会社 | G274: 半導体後工程での製品製造及びそれに付随する業務。各装置オペレーション及び顕微鏡、目視での検査業務 | H274: 大分県 | I274: 中津市伊藤田4200藤田4200 | J274: 3交替 | K274: 248334 | L274: 0 | M274: 16667 | O274: 必須（入社前） | P274: その他 | Q274: GW\夏季\年末年始\有給取得奨励日 | R274: 116 | S274: 配属日初日は8:30～17:15の日勤で顧客配属教育となります | T274: 5 | V274: 0.23958333 | W274: 0.58333333 | Y274: 車\自転車 | Z274: 今津（大分県） | AC274: 作業場所はクリーンルームになるので、年中一定の規格で温湿度管理を行っていますので、暑くもなく寒くもなく、且つ清浄度も高く綺麗で明るく広い空間で快適に仕事が出来ます。また重量物も取扱いをする事はありませんので、肉体労働にも該当はしません。 | AE274: 可 | AF274: 補助あり（会社負担割合） | AG274: 可 | AH274: 自己負担 | AI274: 可 | AK274: 社宅費無料（光熱費別）※会社指定物件に限る。 | AL274: 対象外 | AN274: 対象外 | AR274: 不問 | AS274: 18 | AT274: 50 | AU274: 無 | AW274: 無 | AY274: 勤怠不良者の再入社は不可。腰痛持ち不可。 その他、退職した際の理由により検討
A275: FUK1 | B275: 無期雇用 | C275: UTエイム(AIM） | D275: ㈱堀場製作所 吉祥院工場 | G275: クリーンルーム内にて主に血液検査機器やその他の医療機器用の実験補助、試作品の製作、量産品製造オペレーション等の作業です。 | H275: 京都府 | I275: 京都市南区吉祥院宮の東町2番地 | J275: 日勤 | K275: 204000 | L275: 0 | M275: 0 | O275: 必須（入社前） | P275: 5勤2休 | Q275: GW\夏季\年末年始\有給取得奨励日 | R275: 125 | S275: 業務内容や繁忙時によって、就業開始時刻が異なります。 | V275: 0.3125 | W275: 0.67708333 | Y275: 徒歩\自転車\電車 | Z275: 西大路 | AB275: JR山陰本線 丹波口駅より 徒歩15分 JR東海道本線 西大路駅より 徒歩20分 | AC275: ・最寄り駅から徒歩で通勤可能。 ・未経験から始めて長く勤務している人が多く、やる気があれば配属可能。 ・正確な仕事が求められるので、焦ることなく自分のペースで仕事を覚えられる。 ・残業があまりなく、プライベートが充実する。 ・京都市内にあり、観光地も近くお寺巡りも出来る | AE275: 可 | AF275: 補助なし | AG275: 可 | AH275: 本人移動日は会社負担致しますが、荷物送料は自己負担となります。 | AI275: 否 | AK275: 社宅は基本的にレオパレス物件となります。 ただし、定額補助・割合補助問わず、会社負担割合が90\%を超える場合、超過額を給与から控除の上、同額を住宅手当(課税対象)として支給いたします。 | AL275: 対象外 | AN275: 対象外 | AR275: 男性限定 | AS275: 20 | AT275: 47 | AU275: 有 | AV275: 製造経験者 | AW275: 無 | AY275: 退職者の再入職は基本不可。
A276: ALK1 | B276: 無期雇用 | C276: UTエイム(AIM） | D276: （株）堀場エステック | G276: 半導体装置の中の部品で高精度な流量計測・制御を要求される流量制御機器をクリーンルーム内で組み立てる作業となります。 | H276: 京都府 | I276: 京都市南区上鳥羽鉾立11-5 | J276: 夜勤 | K276: 231865 | L276: 0 | M276: 37865 | O276: 必須（入社前） | P276: 5勤2休 | Q276: GW\年末年始 | R276: 124 | S276: 基本的に残業はありません。 | V276: 0.85416667 | W276: 0.21875 | Y276: 徒歩\バス\自転車\電車\バイク | Z276: 十条（近鉄線） | AB276: 近鉄京都線十条駅から徒歩10分 地下鉄十条駅から徒歩10分 京阪伏見稲荷駅から徒歩20分 | AC276: ・未経験から始めて長く勤務している人が多く、やる気があれば配属可能。 ・正確な仕事が求められるので、焦ることなく自分のペースで仕事を覚えられる。 ・残業があまりなく、プライベートが充実する。 ・京都市内にあり、観光地も近くお寺巡りも出来る。 ・入社から6か月後に社宅費用3万円（約5割）の補助あり※出勤率などの条件あり | AE276: 可 | AF276: 補助なし | AG276: 可 | AH276: 自己負担（赴任旅費は会社負担） | AI276: 否 | AK276: 物件は選べません。レオパレス物件or一般物件※備品レンタル業者に依頼可 家賃・光熱費・共益費等自己負担、その他管理費として4000円発生致します。 ただし、定額補助・割合補助問わず、会社負担割合が90\%を超える場合、超過額を給与から控除の上、同額を住宅手当(課税対象)として支給いたします。 ※入社から6か月後に社宅費用3万円（約5割）の補助あり※出勤率などの条件あり | AL276: 対象外 | AN276: 対象外 | AR276: 不問 | AS276: 18 | AT276: 45 | AU276: 無 | AV276: 経験問わずではありますが、基本的には利き手が右利きの方をお願いいたします（右利き用の工具しかないため） | AW276: 無 | AX276: 経験問わずではありますが、基本的には利き手が右利きの方をお願いいたします（右利き用の工具しかないため） | AY276: 経験問わずではありますが、基本的には利き手が右利きの方をお願いいたします（右利き用の工具しかないため） 退職者の再入職は基本不可。
A277: AHJ1 | B277: 正社員 | C277: UTエイム(AIM） | D277: 株式会社 堀場ｴｽﾃｯｸ 阿蘇工場 | G277: 半導体の装置等に取り付けられる マスフローコントローラーを以下の工程で組付けて頂きます ①組立 ②設定 ③基盤組付け | H277: 熊本県 | I277: 阿蘇郡西原村鳥子字構米畑358-11 堀場エステック阿蘇工場 構内 | J277: その他 | K277: 171205 | L277: 6225 | M277: 4980 | O277: 任意 | P277: 5勤2休 | Q277: GW\年末年始\有給取得奨励日 | R277: 125 | S277: 教育期間中は日勤(8:30~17:15)での勤務。 作業習熟後、こちらから指定する勤務帯にて就業して頂きます。 交代制ではなく、ABC勤いずれかの固定勤務となります。 | U277: 5 | V277: 0.25 | W277: 0.61458333 | Y277: 徒歩\車\自転車\バイク | Z277: 瀬田（熊本県） | AB277: ・交通費は、会社から自宅まで直線距離で2Kｍ以下は支給対象外となります。 ・自動車・バイクで通勤される場合は任意保険の補償内容が対人無制限、対物1000万以上 ※使用目的が「通勤・通学」であること ※人身傷害保険が含まれ、補償額は3000万円以上のこと ※弁護士費用特約に加入のこと ・指定駅より送迎バス（無料）を利用することが可能。 | AC277: ・鳥子CFは請負、派遣両契約が整っている事業所です。阿蘇という土地柄、開放感あふれる地域で日々四季を感じながら勤められます。 ・未経験者でも丁寧に教育を実施。また、県内でも有数の綺麗で働きやすいと評判の工場でしたが、新しい生産棟が2018年に完成、更に環境が向上しています。 ・事業所には管理者が常駐しており、いつでもあなたの将来のキャリアやスキルについての相談が可能です。業務を通じステップアップすることで、作業者からリーダー、管理者へのスキルアップも挑戦可能です。 ・車が無い方でも通勤可能！JR原水駅を拠点に送迎バスの利用が可能！ 従業員のつながりを高めるイベントも企画中！おもしろおかしく。。いっしょに鳥子CFを盛り上げてくれる方、お待ちしています！ | AE277: 可 | AF277: 補助あり（会社負担割合） | AG277: 可 | AH277: 本人移動費用は会社負担いたしますが、荷物送料は自己負担となります。 | AI277: 可 | AK277: レンタル品が必要な場合は別途費用がかかります。駐車場が必要な場合は自己負担となります。 ただし、定額補助・割合補助問わず、会社負担割合が90%を超える場合、超過額を給与から控除の上、同額を住宅手当(課税対象)として支給いたします。入寮可能条件は通勤1時間以上と致します。 | AL277: 対象外 | AN277: 対象外 | AR277: 不問 | AS277: 18 | AT277: 49 | AU277: 無 | AW277: 無 | AY277: 勤怠不良者の再入社は不可 その他、退職した際の理由により検討
A278: AOY1 | B278: 無期雇用 | C278: UTエイム(AIM） | D278: ソニーセミコンダクタマニュファクチャリング㈱ 鹿児島テクノロジーセンター | G278: ①受入出荷作業（搬入された製品を端末やPCを使用し処理） ②開梱梱包作業（アルミ袋に梱包された製品を手作業で開梱する、出荷時は機械を使用し梱包を行う） ③移載作業（製品を移載装置にセットしモニター操作を行い装置を稼働させる） ④測定作業（製品を測定装置にセットし作業条件を装置モニターに入力し装置を稼働させる） ⑤外観検査（製品を外観検査機を使用してモニターに表示された製品の目視検査） | H278: 鹿児島県 | I278: 霧島市国分野口北５－１ | J278: 2交替 | K278: 228858 | L278: 15389 | M278: 13469 | O278: 一切開催なし | P278: その他 | Q278: 年末年始 | R278: 186 | S278: 交替勤務のシフトパターンは3勤3休・4勤4休・3勤4休・4勤3休の組合せとなります。 入社時研修及び配属後の勤務では①の日勤のシフトにて行います。（5勤2休の土日休み） ②③への交替勤務への変更は習熟状況及びその時の状況によって変更されます。（平均1ヶ月後） 残業、休日出勤については生産状況に応じて変化します。 カレンダー上、年末年始の長期休暇の設定がありますが、休日出勤になります。 | U278: 10 | V278: 0.35416667 | W278: 0.72916667 | Y278: 徒歩\車\自転車\バイク | Z278: 国分（鹿児島県） | AB278: JR日豊本線 国分駅より徒歩21分 | AC278: 【この職場で身に付く経験・スキル】 半導体工場のクリーンルームでの勤務経験実績や半導体の製造に関する取扱いや基礎知識を身に付ける事が出来ます。今、半導体産業が5G・自動運転・AI・EVなどの成長を背景に著しく成長を遂げています、国内でも半導体関連のお仕事が増える事になりますで、その際にご自身が過去に半導体工場の経験を積んでいる事は、大きなメリットに繋がります。未経験でも大丈夫です！先輩たちが親切・丁寧に指導します。 【地域特色】 工場も市街地にあり、衣食住にも不便はありません。プライベートでは地鶏刺し・黒豚・焼酎・桜島と魅力満載。また、霧島市一帯には、温泉やレジャー施設も多数あるのでお休みの日も充実。 | AE278: 可 | AF278: 補助なし | AG278: 可 | AH278: 本人移動費は会社負担いたしますが、荷物送料は自己負担となります。 | AI278: 否 | AK278: 社宅駐車場に関しては目安として5,000円としていますが、実際にかかる費用を自己負担して頂きます。 | AL278: 対象外 | AN278: 対象外 | AR278: 不問 | AS278: 18 | AT278: 55 | AU278: 無 | AW278: 無 | AY278: 顧客側で業務打合せの実施があり、その結果で採否が決まります
A279: APH1 | B279: 正社員 | C279: UTエイム(AIM） | D279: ソニーセミコンダクタマニュファクチャリング㈱長崎ＴＥＣ | G279: ①表面目視検査（斜光目視機を使用して製品の表面に傷やカケ等無いかの検査及び不良品へマッキーペンにて点を打つ業務） ②梱包作業（製品の決められた場所へ乾燥剤を貼り付け、アルミ袋に梱包し外面にラベル等貼り付ける業務） ③編成作業（製品を出荷先の要望に合わせた数量へ編成する業務） ④出荷作業（出荷計画に基づき梱包された製品の収及びを端末やPCを使用し処理業務） | H279: 長崎県 | I279: 諫早市津久葉町1883-43 | J279: 2交替 | K279: 233214 | L279: 14612 | M279: 12777 | O279: 一切開催なし | P279: その他 | Q279: 有給取得奨励日 | R279: 185 | S279: 入社時研修の際は8：30～17：30の勤務になります。（約4日程度） 生産状況によっては4勤2休や3交代になる可能性があります。 | U279: 10 | V279: 0.3125 | W279: 0.8125 | Y279: 徒歩\車\バス\自転車\電車\バイク | Z279: 西諫早 | AB279: ・西諫早駅より自転車で駐輪場までで15分程度・徒歩だと30分程度掛かります。 ・駐車場が構外にある為、駐車場から工場までは送迎あり（有料） ・駐輪場が構外にある為、駐輪場から工場までは送迎あり（有料） ※駐輪場・各駐車場より工場までの送迎バスがあります。1500円/月※ ※例：上記により車通勤の場合は合計4500円/月 | AC279: 【この職場で身に付く経験・スキル】 半導体工場のクリーンルームでの勤務経験実績や半導体の製造に関する取扱いや基礎知識を身に付ける事が出来ます。今、半導体産業が5G・自動運転・AI・EVなどの成長を背景に著しく成長を遂げています、国内でも半導体関連のお仕事が増える事になりますで、その際にご自身が過去に半導体工場の経験を積んでいる事は、大きなメリットに繋がります。未経験でも大丈夫です！先輩たちが親切・丁寧に指導します。 【地域特色】 長崎県はご存じの通り観光地になっており、諫早は県のちょうど中心に位置しておりますので観光地へのアクセスも便利です。また田舎過ぎず都会すぎない生活を求めている人にぴったりです。加えて、諫早湾、橘湾、大村湾の3つの海に囲まれた全国でも珍しい地形で豊かな自然環境に恵まれ、そこで育まれた美味逸品を堪能しながら、ゆったりと暮らしを満喫できます。 | AE279: 可 | AF279: 補助なし | AG279: 可 | AH279: 赴任旅費のみ会社負担 | AI279: 可 | AK279: ただし、定額補助・割合補助問わず、会社負担割合が90\%を超える場合、超過額を給与から控除の上、同額を住宅手当(課税対象)として支給いたします。 | AL279: 対象外 | AN279: 対象外 | AR279: 不問 | AS279: 18 | AT279: 49 | AU279: 無 | AW279: 無 | AY279: 在籍中の勤怠不良者・体調不良による退職者の再入職は不可。元SONY社員の方は要顧客確認。 安全靴のサイズが31㎝までとなりますので、31㎝以上は不可。 | AZ279: 不問 | BA279: 18 | BB279: 49 | BC279: 無
A280: FYG1 | B280: 無期雇用 | C280: UTエイム(AIM） | D280: 【熊】ｿﾆｰｾﾐｺﾝﾀﾞｸﾀﾏﾆｭﾌｧｸﾁｬﾘﾝｸﾞ株式会社 | G280: 【設備】設備保守保全業務を実施します。トラブル内容を見て、どこに異常があり、どこに要因があり、どこをクリアにすれば復旧できるかを理論的に導き出し、対応実践する。 【プロセス】量産化プロセス技術業務の実施。新タイプの量産化までの立上を行う | H280: 熊本県 | I280: 菊池郡菊陽町原水767011 | J280: 2交替 | K280: 304208 | L280: 50785 | M280: 14802 | O280: 必須（入社前） | P280: 3勤3休 | Q280: 年末年始\有給取得奨励日 | R280: 185 | S280: 配属後教育期間中は平日8時間勤務にて教育を行います。 | U280: 30 | V280: 0.3125 | W280: 0.8125 | Y280: 徒歩\車\バス\自転車\電車\バイク | Z280: 原水 | AB280: JR原水駅から車で約10分、JR光の森駅から車で約20分 自家用車をお持ちでない場合、原水駅から無料送迎バスとセミコン通勤バス（片道160円）で出退勤可 | AC280: 半導体の街・熊本へようこそ！ 世界屈指の最先端技術を用いた環境でのお仕事です。最先端の製造業って難しそう。。そんな考えを払しょくする環境がここにはあります！ 資格・経験は問いません。20代から60代まで男女問わず幅広くご活躍頂いている職場で、半導体の基礎を一から学ぶことができます！ | AE280: 可 | AF280: 補助あり（会社負担割合） | AG280: 否 | AH280: 本人移動旅費は会社負担いたしますが、荷物送料は自己負担となります。 | AI280: 可 | AK280: ただし、定額補助・割合補助問わず、会社負担割合が90\%を超える場合、超過額を給与から控除の上、同額を住宅手当(課税対象)として支給いたします。 | AL280: 対象外 | AN280: 対象外 | AR280: 不問 | AS280: 20 | AT280: 45 | AU280: 有 | AV280: 半導体経験 | AW280: 有 | AX280: 設備保全 | AY280: コミュニケーションが苦手な方は訓練後の紹介が必要です
A281: MIQ1 | B281: 無期雇用 | C281: UTエイム(AIM） | D281: 【長崎】ｿﾆｰｾﾐｺﾝﾀﾞｸﾀﾏﾆｭﾌｧｸﾁｬﾘﾝｸﾞ株式会社 | G281: 【設備】設備保守保全業務を実施します。 トラブル内容を見て、どこに異常があり、 どこに要因があり、どこをクリアにすれば復旧できるかを 理論的に導き出し、対応実践する。 【プロセス】量産化プロセス技術業務の実施。 新タイプの量産化までの立上を行う | H281: 長崎県 | I281: 諫早市津久葉町1883-43 | J281: 2交替 | K281: 316509 | L281: 28855 | M281: 16821 | O281: 一切開催なし | P281: その他 | Q281: 有給取得奨励日 | R281: 185 | S281: 配属前研修の際は8：30～17：30 or 9:00?18:00の勤務になります。（約1ヶ月程度） 生産状況によっては4勤2休や3交代になる可能性があります。 | U281: 15 | V281: 0.3125 | W281: 0.8125 | Y281: 徒歩\車\バス\自転車\電車\バイク | Z281: 西諫早 | AB281: 車通勤の場合 ・西諫早駅より車で15分程度・徒歩だと30分程度掛かります。 ・駐車場が構外にある為、駐車場から工場までは送迎あり（有料） | AC281: 世界的シェアを誇るイメージセンサーの製造にかかわることができます。 世界屈指の最先端技術を用いた環境でのお仕事です。最先端の製造業って難しそう。。そんな考えを払しょくする環境がここにはあります！ 資格・経験は問いません。20代から60代まで男女問わず幅広くご活躍頂いている職場で、半導体の基礎を一から学ぶことができます！ | AE281: 可 | AF281: 補助あり（会社負担割合） | AG281: 可 | AH281: 赴任旅費のみ会社負担となります。 異動の場合は引越費用も会社負担となります。（上限あり） | AI281: 可 | AK281: ただし、定額補助・割合補助問わず、会社負担割合が90\%を超える場合、超過額を給与から控除の上、同額を住宅手当(課税対象)として支給いたします。 | AL281: 対象外 | AN281: 対象外 | AR281: 不問 | AS281: 18 | AT281: 35 | AU281: 有 | AV281: 社会人経験、半導体製造、クリーンルーム・交代勤務経験者 半導体設備エンジニア経験者、コミュニケーション能力 | AW281: 有 | AX281: 社会人経験、半導体製造、クリーンルーム・交代勤務経験者 半導体設備エンジニア経験者、コミュニケーション能力 | AY281: 精神疾患NG、 腰痛NG
A282: MZL1 | B282: 無期雇用 | C282: UTエイム(AIM） | D282: 三井金属鉱業株式会社 上尾事業所 | G282: ①製造装置（ドラム層）へ薬液充填及び入替え ②溶解した銅を製造装置へ ③機械操作により製造開始→自動運転 ④完成したロール状の銅箔を天井クレーンにて運搬 ⑤間引き検査 ⑥フォークリフトにて物流部へ移動 ⑦製造装置の点検、清掃、部品交換など | H282: 埼玉県 | I282: 上尾市二ツ宮656-2 | J282: シフト制 | K282: 225273 | L282: 0 | M282: 15273 | O282: 必須（入社前） | P282: 3勤3休 | Q282: 有給取得奨励日\該当なし | R282: 183 | S282: 完全シフト制 | V282: 0.33333333 | W282: 0.83333333 | Y282: 徒歩\車\バス\自転車\電車\バイク | Z282: 上尾 | AB282: 上尾駅より徒歩20分 | AC282: 【エリアPR】 居住エリアと商業エリアのバランスが丁度よく、生活しやすい環境です。コンビニ、スーパー、飲食店などの商業施設が非常に充実しており利便性が高い地域です。 【職場PR】 機能性銅箔は今後も伸びる製品と言われており、スマートフォンやタブレット、パソコンの様な小型製品から、自動車や工作機械などの大型製品まで幅広く使用されており、電子基板を使用する上で欠かせない金属部品です。将来の社員化を強く推奨している企業ですので、頑張り次第では日本を代表する大手グループ企業の社員になれるチャンスがあります。 | AE282: 可 | AF282: 補助あり（会社負担割合） | AG282: 可 | AH282: 会社規定内 | AI282: 否 | AK282: ただし、定額補助・割合補助問わず、会社負担割合が90\%を超える場合、超過額を給与から控除の上、同額を住宅手当(課税対象)として支給いたします。 | AL282: 対象外 | AN282: 対象外 | AR282: 男性限定 | AS282: 18 | AT282: 35 | AU282: 無 | AW282: 無 | AY282: 自己都合退職者の再配属不可。既往歴（特に精神疾患歴がある方）の配属不可。
A283: PUQ1 | B283: 無期雇用 | C283: UTエイム(AIM） | D283: 横河ソリューションサービス株式会社 | G283: 半導体製造装置部材の受入検査および部材入出荷作業 半導体製造装置のサービス提供に必要な部材の受入検査と部材の入出荷および棚卸管理を担います。 ＊主な受入検査品は板金加工品、機械加工品及びケーブル等部品単体であり装置本体等ではない | H283: 東京都 | I283: 立川市栄町6-1 立飛ビル7号館 | J283: 日勤 | K283: 267611 | L283: 34825 | M283: 0 | O283: 必須（入社前） | P283: 5勤2休 | Q283: GW\夏季\年末年始\有給取得奨励日 | R283: 124 | T283: 2 | U283: 20 | V283: 0.35416667 | W283: 0.72222222 | Y283: 徒歩\バス\自転車\電車 | Z283: 泉体育館 | AB283: 多摩モノレール 泉体育館 徒歩5分 立川バス 立飛本社前下車 徒歩2分 | AC283: レガシーツールを活用しているデバイスメーカーは装置を延命化させ少しでも長く使用してゆきたいという思いがあります。一方、装置メーカーはより最先端大口径装置にリソースを集中させたいとう思いがあります。そこで我々は両者の思いを埋めるべく横河グループの多角化の一環として装置メーカーより承認を得てレガシーツールのサービスを実施してきております。そのサービス提供に必要な部材の受入検査と部材の入出荷および棚卸管理を担います。 【仕事の魅力】 半導体はコロナ禍においても産業のコメの位置づけであり需要が旺盛で半導体市場は長期的にも大きく伸びてゆきます。部材の受入検査は機械図面の判読スキルが身に付きます。また、物流業務は部材のハンドリングスキルおよび棚卸管理のスキルが身に付きます。 | AE283: 可 | AF283: 補助あり（会社負担割合） | AG283: 否 | AH283: 移動交通費は会社負担、荷物送料は新規が自己負担、異動者は会社規程による範囲で会社負担となります。 | AI283: 否 | AL283: 対象外 | AN283: 対象外 | AR283: 不問 | AS283: 35 | AT283: 45 | AU283: 有 | AV283: 受入条件： ①機械図面が判読できる ②棚からのピッキング作業や出荷梱包作業経験がある ③SAPやエクセルファイル等システム操作に抵抗感がない ④対人コミュニケーション（人と話をすること）が苦手でない | AW283: 有 | AX283: 好ましい経験： 検査・物流業務の経験があれば好ましいですが人物優先（心身ともに健康） | AY283: 出勤率100％未満の場合は派遣期間の契約更新は不可。
A284: LUE1 | B284: 無期雇用 | C284: UTエイム(AIM） | D284: 横河ソリューションサービス株式会社 | G284: 半導体製造装置のフィールドエンジニア業務全般。 エンドユーザーへの据付。保守保全。リファービッシュ※（不良品として製造会社に返却された商品や中古機器（返品、リース返却品、長期在庫品を含む）を整備し、新品に準じる状態に仕上げる） 主にはデバイスメーカーに納入されているエッチング装置に対する役務作業の提供を行う。具体的にはオーバーホール、移設、改造、トラブル対応。また、電話・メールによる対応あり。 | H284: 東京都 | I284: 立川市栄町6-1 立飛ビル7号館 | J284: 日勤 | K284: 349091 | L284: 45455 | M284: 0 | O284: 必須（入社前） | P284: 5勤2休 | Q284: GW\夏季\年末年始\有給取得奨励日 | R284: 124 | T284: 2 | U284: 20 | V284: 0.35416667 | W284: 0.72222222 | Y284: 徒歩\バス\自転車\電車 | Z284: 泉体育館 | AB284: 多摩モノレール 泉体育館 徒歩5分 立川バス 立飛本社前下車 徒歩2分 | AC284: レガシーツールを活用しているデバイスメーカーは装置を延命化させ少しでも長く使用してゆきたいという思いがあります。一方、装置メーカーはより最先端装置にリソースを集中させたいとう思いがあります。そこで両者の思いを埋めるべく横河グループの多角化の一環の一つとして装置メーカーより承認を得てレガシーツールのサービスを実施してきております。装置を延命させる実際のフィールド作業と延命させるアイデアをソリューション提案として行いSDG’ｓにも貢献してゆきます。 【仕事の魅力】 半導体はコロナ禍においても産業のコメの位置づけで需要が旺盛であり半導体市場は長期的にも大きく伸びてゆきます。その中でもエッチング装置はデバイス製造においてKEYとなるプロセスでありそのフィールドサービス提供は大きな役割を担います。ここで得たスキルと経験は将来の可能性を大きく広げるでしょう。 | AE284: 可 | AF284: 補助あり（会社負担割合） | AG284: 可 | AH284: 本人移動費用は会社負担いたしますが、荷物送料は会社規程による範囲で会社負担となります。 | AI284: 否 | AL284: 対象外 | AN284: 対象外 | AR284: 不問 | AS284: 23 | AT284: 45 | AU284: 有 | AV284: 東京エレクトロン製の20~30年前のエッチング装置のフィールドエンジニアor保守保全経験者限定。（左記以外の装置保全、フィールドエンジニア経験者は応相談） | AW284: 無 | AY284: 出勤率100％未満の場合は派遣期間の契約更新は不可。
A285: OSL1 | B285: 無期雇用 | C285: UTエイム(AIM） | D285: 横河ソリューションサービス株式会社 | G285: 半導体製造装置のフィールドエンジニア業務全般。エンドユーザーへの据付。保守保全。 リファービッシュ。（不良品として製造会社に返却された商品や中古機器（返品、リース返却品、長期在庫品を含む）を整備し、新品に準じる状態に仕上げる） | H285: 東京都 | I285: 立川市栄町6-1 立飛ビル7号館 | J285: 日勤 | K285: 349091 | L285: 45455 | M285: 0 | O285: 必須（入社前） | P285: 5勤2休 | Q285: GW\夏季\年末年始\有給取得奨励日 | R285: 124 | T285: 2 | U285: 20 | V285: 0.35416667 | W285: 0.72222222 | Y285: 徒歩\バス\自転車\電車 | Z285: 泉体育館 | AB285: 多摩モノレール 泉体育館 徒歩5分 立川バス 立飛本社前下車 徒歩2分 | AC285: PC基本操作（タイピング）が出来ること、工具使用経験のある方。やる気とコミュニケーションスキルがある方。フィールドエンジニア、現場（工場内）作業、出張に抵抗がない方であれば、 まずはお問い合わせください。 求める人物像としては、自動車やバイクいじり等、機械いじりや工業製品が好きな方、技術・知識の習得に貪欲で、古い価値観・考え方にとらわれない方、クリーンスーツに抵抗がない方、出張（国内/海外）に抵抗がない方（出張は必須）、毎日同じ場所で作業するよりも、様々な現場で異なる作業経験を積む方が合っている方、半導体工場勤務経験ある方は歓迎します。 | AE285: 可 | AF285: 補助あり（会社負担割合） | AG285: 可 | AH285: 本人移動費用は会社負担いたしますが、荷物送料は会社規程による範囲で会社負担となります。 | AI285: 否 | AL285: 対象外 | AN285: 対象外 | AR285: 不問 | AS285: 23 | AT285: 50 | AU285: 有 | AV285: 東京エレクトロン製の横型or縦型拡散炉のFEor保守保全の経験。 | AW285: 無 | AY285: 出勤率100％未満の場合は派遣期間の契約更新は不可。
A286: OSP1 | B286: 無期雇用 | C286: UTエイム(AIM） | D286: 株式会社ノア | G286: 客先での半導体製造装置の立ち上げ・改造・修理・オーバーホール作業・クリーンルームでのプロセス評価・解析。 大手半導体製造工場へ出向き、半導体製造装置の立ち上げ、改造、トラブル対応等を行うエンジニアとしてご活躍頂きます。 また、ステップアップした際の付帯業務として修理時の見積作成や顧客折衝などもあります。 ※国内出張あり（関東圏が中心） | H286: 東京都 | I286: 府中市住吉町2-30-7 東京エレクトロンFE株式会社 株式会社ノア 作業場 | J286: 日勤 | K286: 353420 | L286: 45300 | M286: 0 | O286: 必須（入社前） | P286: 5勤2休 | Q286: GW\夏季\年末年始\有給取得奨励日 | R286: 124 | T286: 10 | U286: 20 | V286: 0.375 | W286: 0.72916667 | Y286: 徒歩 | Z286: 中河原 | AC286: PC基本操作（タイピング）が出来ること、工具使用経験のある方。やる気とコミュニケーションスキルがある方。フィールドエンジニア、現場（工場内）作業、出張に抵抗がない方であれば、まずはお問い合わせください。 求める人物像としては、自動車やバイクいじり等、機械いじりや工業製品が好きな方、技術・知識の習得に貪欲で、古い価値観・考え方にとらわれない方、クリーンスーツに抵抗がない方、出張（国内/海外）に抵抗がない方（出張は必須）、毎日同じ場所で作業するよりも、様々な現場で異なる作業経験を積む方が合っている方、半導体工場勤務経験ある方は歓迎します。 | AE286: 可 | AF286: 補助あり（会社負担割合） | AG286: 可 | AH286: 本人移動費用は会社負担いたしますが、荷物送料は会社規程による範囲で会社負担となります。 | AI286: 否 | AL286: 対象外 | AN286: 対象外 | AR286: 不問 | AS286: 20 | AT286: 35 | AU286: 有 | AV286: 半導体デバイスメーカー、半導体装置メーカーでの実務経験者、装置の設備保全、メンテナンスの経験がある方。半導体製造装置の経験者は歓迎します。 | AW286: 無 | AY286: 出勤率100％未満の場合は派遣期間の契約更新は不可。
A287: OJB1 | B287: 無期雇用 | C287: UTエイム(AIM） | D287: プレス工業株式会社 | G287: 仕事内容：自動車部品の設計・製作から製品までの全体を管理します。設計が完了した製品を実際に製造するための生産計画をはじめ、資材調達、生産工程や納期、原価管理、在庫管理、出来上がった製品の品質管理まで多岐にわたる業務がございます。生産管理職は製品の製造すべてを管理する司令塔として重要な役割を果たします。 | H287: 神奈川県 | I287: 川崎市川崎区塩浜1-1-1 | J287: 日勤 | K287: 298257 | L287: 53887 | M287: 0 | O287: 必須（入社前） | P287: 5勤2休 | Q287: GW\夏季\年末年始\有給取得奨励日 | R287: 124 | T287: 10 | U287: 30 | V287: 0.33333333 | W287: 0.71180556 | Y287: 徒歩\バス\電車 | Z287: 大師橋 | AC287: PC基本操作（タイピング）が出来ること、製造経験のある方。やる気とコミュニケーションスキルがある方。現場（工場内）作業に抵抗がない方であれば、まずはお問い合わせください。 求める人物像としては、自動車やバイクいじり等、機械いじりや工業製品が好きな方、技術・知識の習得に貪欲で、古い価値観・考え方にとらわれない方は歓迎します。 | AE287: 可 | AF287: 補助あり（会社負担割合） | AG287: 可 | AH287: 本人移動費用は会社負担いたしますが、荷物送料は会社規程による範囲で会社負担となります。 | AI287: 否 | AK287: 顧客寮へ入寮頂けますと家賃は無料です。詳細は管理者にお問合せ下さい。 | AL287: 対象外 | AN287: 対象外 | AR287: 男性限定 | AS287: 20 | AT287: 30 | AU287: 有 | AV287: 【必須要件】 ・高卒以上の方。 ・製造経験3年以上必須。（製造未経験不可） ・短期（1年以内）で離職を繰り返している方は不可。 ・アルバイト経験のみの方は不可。 ・職務経歴書作成必須。(NEXT前提) | AW287: 有 | AX287: 【歓迎要件】 ・1年以上の工場での生産管理経験のある方。 ・理工系大学、高専卒以上の学歴のある方。 ・1年以上の機械設計、購買業務経験のある方。 ・製造現場で何らかのリーダー経験のある方。 | AY287: 出勤率100％未満の場合は派遣期間の契約更新は不可。
A288: OXN1 | B288: 正社員 | C288: UTエイム(AIM） | D288: UTエイム請負 | G288: 半導体テスト仕様の検討。半導体テストプログラムの作成作業。半導体デバイスのデバッグ作業。半導体デバイスの選別作業。 | H288: 東京都 | I288: 小平市学園西町２丁目１３−３３ コスモ一橋学園ビル ３階 | J288: 日勤 | K288: 346875 | L288: 46875 | M288: 0 | O288: 必須（入社後） | P288: 5勤2休 | Q288: GW\夏季\年末年始\有給取得奨励日 | R288: 124 | U288: 20 | V288: 0.375 | W288: 0.75 | Y288: 徒歩 | Z288: 一橋学園 | AB288: 西武多摩湖線 一橋学園駅 徒歩１分 | AC288: 多くの半導体企業から需要が高い半導体テスト技術を身に付けることできる職場です。 新卒での採用も多く未経験からも挑戦することができ、スキルが身に付けば半導体産業において不可欠な人材となる事が出来ます。 また、UTならではのエントリー制度を活かして、将来的にビジネスマネージャーや執行役員も目指すことが出来る環境です。 | AE288: 可 | AF288: 補助あり（会社負担割合） | AG288: 可 | AH288: 社内規定通り | AI288: 否 | AK288: ただし、定額補助・割合補助問わず、会社負担割合が90\%を超える場合、超過額を給与から控除の上、同額を住宅手当(課税対象)として支給いたします。 | AL288: 対象外 | AN288: 対象外 | AR288: 不問 | AS288: 25 | AT288: 55 | AU288: 有 | AV288: 【歓迎要件】 ・ソフトウェアの(C言語、Python、VBAなど)知識、経験。 ・プローブカードやパフォーマンスボードの回路設計経験。 ・半導体デバイスの仕様を理解したテスト手法の開発経験。 | AW288: 有 | AX288: 【必須要件】 ・半導体業界での実務経験。 ・テスタ(J750,T2000,V93000など)を用いたテストプログラム開発、半導体デバイスのデバッグ経験。 | AY288: 出勤率100％未満の場合は受け入れ不可。
...

Sheet map1
A1: 求人NO | B1: 勤務地 | C1: 派遣会社 | D1: 工場名 | E1: 勤務時間、形態 | F1: 性別 | G1: 月収例 | H1: 入寮 | I1: 寮費値段 | J1: 年齢 | K1: 男性 | L1: 女性 | M1: NMS総支給
A2: =ローラー!A2 -> お仕事No. | B2: =ローラー!H2 -> 勤務地詳細 | C2: =ローラー!C2 -> N_一般案件 | D2: =ローラー!D2 -> 現場名 | E2: =ローラー!J2 -> 勤務時間 | F2: =ローラー!AR2 -> 性別 | G2: =ローラー!K2 -> 月収 | H2: =ローラー!AE2 -> 外国籍可否 | I2: =ローラー!AF2 -> 0 | J2: =ローラー!AT2 -> ※注意：年齢上限 ■年齢について ①本人年齢49歳までであれば、案件一覧の年齢上限に対して2歳オーバーまで相談不要 ②案件一覧の年齢上限に対して3歳オーバーは事前相談必要 ③本人年齢50歳以上54歳以下の場合は、事前相談必要（案件一覧の年齢上限に対し3歳オーバーまで） ④本人年齢55歳以上の場合相談不可 | K2: =ローラー!BG2 -> 0 | L2: =ローラー!BH2 -> 0 | M2: ? | N2: =ローラー!G2 -> 仕事内容詳細
A3: =ローラー!A3 -> 1A008 | B3: =ローラー!H3 -> 北海道函館市鈴蘭丘町3-63 函館臨空工業団地 | C3: =ローラー!C3 -> N_一般案件 | D3: =ローラー!D3 -> 函館エヌ・デー・ケー | E3: =ローラー!J3 -> 8：00～16：50/20：00～翌4：50（交替制） | F3: =ローラー!AR3 -> 男女 | G3: =ローラー!K3 -> 270000円以上可 | H3: =ローラー!AE3 -> 外国籍NG | I3: =ローラー!AF3 -> 0 | J3: =ローラー!AT3 -> 44 | K3: =ローラー!BG3 -> 0 | L3: =ローラー!BH3 -> 0 | M3: ? | N3: =ローラー!G3 -> 携帯電話から情報を電波に乗せ正確に発信する役割（電波周波数を制御する機能）の水晶発信器・水晶振動子と、正確に受信する役割（電波周波数と選択する機能）の水晶フィルタ・SAWフィルタを製造・検査します。クリーンルーム内作業がメインとなります。
A4: =ローラー!A4 -> 1A045 | B4: =ローラー!H4 -> 北海道岩内郡共和町国富351-1 | C4: =ローラー!C4 -> N_一般案件 | D4: =ローラー!D4 -> 住鉱国富電子 | E4: =ローラー!J4 -> 8：30～17：30/20：30～翌5：30（2交替） | F4: =ローラー!AR4 -> 男性 | G4: =ローラー!K4 -> 282000円以上可 | H4: =ローラー!AE4 -> 外国籍NG | I4: =ローラー!AF4 -> 0 | J4: =ローラー!AT4 -> 49 | K4: =ローラー!BG4 -> 0 | L4: =ローラー!BH4 -> 0 | M4: ? | N4: =ローラー!G4 -> 半導体（ウエハー）の製造オペレーター（機械による加工・研磨、及びそれらに関連する業務）。
A5: =ローラー!A5 -> 1A151 | B5: =ローラー!H5 -> 北海道夕張郡栗山町錦4丁目3 | C5: =ローラー!C5 -> N_一般案件 | D5: =ローラー!D5 -> 日本高圧コンクリート 栗山工場 | E5: =ローラー!J5 -> 8：00～16：45（日勤） | F5: =ローラー!AR5 -> 男性 | G5: =ローラー!K5 -> 197000円以上可 | H5: =ローラー!AE5 -> 外国籍NG | I5: =ローラー!AF5 -> 0 | J5: =ローラー!AT5 -> 45 | K5: =ローラー!BG5 -> 0 | L5: =ローラー!BH5 -> 0 | M5: ? | N5: =ローラー!G5 -> コンクリート製造に関する補助作業・検査・加工など。
A6: =ローラー!A6 -> 1A296 | B6: =ローラー!H6 -> 北海道苫小牧市柏原1-4 | C6: =ローラー!C6 -> N_一般案件 | D6: =ローラー!D6 -> いすゞエンジン製造北海道 | E6: =ローラー!J6 -> ①7：00～15：45②18：30～翌3：15※①②2交替または①日勤（選択不可）※勤務時間帯は配属部署により異なります | F6: =ローラー!AR6 -> 男女 | G6: =ローラー!K6 -> 295000円以上可 | H6: =ローラー!AE6 -> 外国籍NG | I6: =ローラー!AF6 -> 0 | J6: =ローラー!AT6 -> 40 | K6: =ローラー!BG6 -> 0 | L6: =ローラー!BH6 -> 0 | M6: ? | N6: =ローラー!G6 -> エンジン部品の加工（エンジンへの各種部品の取付け・機械に部品をセットして加工を行うオペレーター・製品に不良が無いかの目視検査など）、鋳造（機械に部品をセットして鋳造を行うオペレーター・製品のバリなどを取り除き仕上げる作業・製品に不良が無いかの目視検査など）、再生作業（工具を使用してエンジンの分解・分解した部品の機械による研磨作業・製品の洗浄作業・製品の再塗装・エンジンの再組立作業・不具合等の検査・各種部品を部品棚から集めるピッキング作業）など。主に3つの工程（その他の可能性もあり）に配属、工程の中には部署が複数あります。
A7: =ローラー!A7 -> 1A403 | B7: =ローラー!H7 -> 北海道茅部郡森町字港町34 | C7: =ローラー!C7 -> N_一般案件 | D7: =ローラー!D7 -> ニチレイフーズ 森工場 | E7: =ローラー!J7 -> 3：30～12：00/15：45～翌0：00（交替制） | F7: =ローラー!AR7 -> 男女 | G7: =ローラー!K7 -> 192000円以上可 | H7: =ローラー!AE7 -> 外国籍NG | I7: =ローラー!AF7 -> 0 | J7: =ローラー!AT7 -> 49 | K7: =ローラー!BG7 -> 0 | L7: =ローラー!BH7 -> 0 | M7: ? | N7: =ローラー!G7 -> 冷凍食品の製造・加工、原料の搬送、製品の搬送・積込、その他製造に係る付随業務。
A8: =ローラー!A8 -> 2A013 | B8: =ローラー!H8 -> 山形県鶴岡市宝田1丁目14-38 | C8: =ローラー!C8 -> N_一般案件 | D8: =ローラー!D8 -> ＴＤＫエレクトロニクスファクトリーズ 鶴岡東工場 | E8: =ローラー!J8 -> ①8：30～20：40②20：30～翌8：40③8：30～17：00※①②2交替、③日勤は入社初日及び研修期間 | F8: =ローラー!AR8 -> 男女 | G8: =ローラー!K8 -> 265000円以上可 | H8: =ローラー!AE8 -> 外国籍NG | I8: =ローラー!AF8 -> 0 | J8: =ローラー!AT8 -> 49 | K8: =ローラー!BG8 -> 0 | L8: =ローラー!BH8 -> 0 | M8: ? | N8: =ローラー!G8 -> 小さな電子部品のマシンオペレーター及び外観検査など。クリーンルーム内作業の配属もあります。
A9: =ローラー!A9 -> 2A014 | B9: =ローラー!H9 -> 山形県鶴岡市宝田1丁目14-38 | C9: =ローラー!C9 -> N_一般案件 | D9: =ローラー!D9 -> ＴＤＫエレクトロニクスファクトリーズ 鶴岡東工場 | E9: =ローラー!J9 -> ①8：30～20：40②20：30～翌8：40③8：30～17：00※①②2交替、③日勤は入社初日及び研修期間 | F9: =ローラー!AR9 -> 男女 | G9: =ローラー!K9 -> 268000円以上可 | H9: =ローラー!AE9 -> 外国籍NG | I9: =ローラー!AF9 -> 0 | J9: =ローラー!AT9 -> 49 | K9: =ローラー!BG9 -> 0 | L9: =ローラー!BH9 -> 0 | M9: ? | N9: =ローラー!G9 -> 小さな電子部品のマシンオペレーター及び外観検査など。クリーンルーム内作業の配属もあります。
A10: =ローラー!A10 -> 2A074 | B10: =ローラー!H10 -> 岩手県奥州市前沢古城字生姥沢105-10 | C10: =ローラー!C10 -> N_一般案件 | D10: =ローラー!D10 -> ＩＪＴＴ 北上工場 | E10: =ローラー!J10 -> 8：00～17：00/19：05～翌4：05（2交替）※他勤務帯もあり | F10: =ローラー!AR10 -> 男性 | G10: =ローラー!K10 -> 252000円以上可 | H10: =ローラー!AE10 -> 外国籍NG | I10: =ローラー!AF10 -> 0 | J10: =ローラー!AT10 -> 40 | K10: =ローラー!BG10 -> 0 | L10: =ローラー!BH10 -> 0 | M10: ? | N10: =ローラー!G10 -> 鉄製品製造に伴う溶解作業・注湯作業・加工・仕上げ。
A11: =ローラー!A11 -> 2A109 | B11: =ローラー!H11 -> 岩手県久慈市寺里28-38-35 | C11: =ローラー!C11 -> N_一般案件 | D11: =ローラー!D11 -> 岩手村田製作所 久慈工場 | E11: =ローラー!J11 -> ①8：30～17：00②8：30～18：45③20：30～翌6：45※入社1週間ほどは①日勤、以降は②③2交替 | F11: =ローラー!AR11 -> 男女 | G11: =ローラー!K11 -> 302000円以上可 | H11: =ローラー!AE11 -> 外国籍NG | I11: =ローラー!AF11 -> 0 | J11: =ローラー!AT11 -> 45 | K11: =ローラー!BG11 -> 0 | L11: =ローラー!BH11 -> 0 | M11: ? | N11: =ローラー!G11 -> スマートフォンやテレビ・パソコンなどに組み込まれる水晶振動子の製造。人工水晶と言われる部品の機械加工や検査などになります。
A12: =ローラー!A12 -> 2A306 | B12: =ローラー!H12 -> 福島県いわき市好間町小谷作字作畑39-1 | C12: =ローラー!C12 -> N_一般案件 | D12: =ローラー!D12 -> アルプスアルパイン 平工場 | E12: =ローラー!J12 -> 8：20～17：00/16：40～翌1：10/0：50～8：45（3交替） | F12: =ローラー!AR12 -> 男女 | G12: =ローラー!K12 -> 243000円以上可 | H12: =ローラー!AE12 -> 外国籍NG | I12: =ローラー!AF12 -> 0 | J12: =ローラー!AT12 -> 39 | K12: =ローラー!BG12 -> 0 | L12: =ローラー!BH12 -> 0 | M12: ? | N12: =ローラー!G12 -> クリーンルーム内での小型電子パネルの組立マシンオペレーター・検査。
A13: =ローラー!A13 -> 2A760 | B13: =ローラー!H13 -> 福島県相馬郡新地町大字福田字北原275-1 | C13: =ローラー!C13 -> N_一般案件 | D13: =ローラー!D13 -> 福島ニチアス | E13: =ローラー!J13 -> 8：00～17：00/16：00～翌1：00/1：00～10：00（3交替）※他時間帯有り | F13: =ローラー!AR13 -> 男性 | G13: =ローラー!K13 -> 237000円以上可 | H13: =ローラー!AE13 -> 外国籍NG | I13: =ローラー!AF13 -> 0 | J13: =ローラー!AT13 -> 45 | K13: =ローラー!BG13 -> 0 | L13: =ローラー!BH13 -> 0 | M13: ? | N13: =ローラー!G13 -> 成形機という機械を使用したフッ素樹脂製品の加工・目視検査、拡大鏡検査など。3cm～30cm程度の小ぶりな製品を製造しています。
... A1999: =ローラー!A1999 -> 11302-02 | B1999: =ローラー!H1999 -> 徳島県板野郡松茂町豊久139番地32 | C1999: =ローラー!C1999 -> 【当月】アウトソーシング | D1999: =ローラー!D1999 -> パナソニックエナジー徳島 | E1999: =ローラー!J1999 -> 2交替 | F1999: =ローラー!AR1999 -> 男性のみ | G1999: =ローラー!K1999 -> 25万円程度 | H1999: =ローラー!AE1999 -> 個室寮 | I1999: =ローラー!AF1999 -> 無料 | J1999: =ローラー!AT1999 -> 40代迄 | K1999: =ローラー!BG1999 -> 0 | L1999: =ローラー!BH1999 -> 0 | M1999: ? | N1999: =ローラー!G1999 -> リチウムイオン電池の製造装置の操作・メンテナンス、電極部材の加工装置の操作・部材供給、次工程への電池（材料）の供給、製品の検査、作業数量等の書類記入・端末入力

Sheet map2
A1: 求人NO | B1: 勤務地 | C1: 派遣会社 | D1: 工場名 | E1: 勤務時間、形態 | F1: 性別 | G1: 月収例 | H1: 入寮 | I1: 寮費値段 | J1: 年齢 | K1: 男性 | L1: 女性 | M1: NMS総支給
A2: =ローラー!A2000 -> 12202-01 | B2: =ローラー!H2000 -> 愛媛県四国中央市三島紙屋町5番1号 | C2: =ローラー!C2000 -> 【当月】アウトソーシング | D2: =ローラー!D2000 -> エリエールペーパーテクノロジー | E2: =ローラー!J2000 -> 3勤1休（③③③休②②②休①①①休） | F2: =ローラー!AR2000 -> 男性のみ | G2: =ローラー!K2000 -> 25万円程度 | H2: =ローラー!AE2000 -> 集合寮 | I2: =ローラー!AF2000 -> 無料(企業寮・風呂･ﾄｲﾚ・洗濯機・乾燥機・電子ﾚﾝｼﾞは共有） | J2: =ローラー!AT2000 -> 40代迄 | K2: =ローラー!BG2000 -> 0 | L2: =ローラー!BH2000 -> 0 | M2: ? | N2: =ローラー!G2000 -> トイレットペーパー・ティッシュペーパー・キッチンペーパーなどの紙製品の機械オペレーター
A3: =ローラー!A2001 -> 0267-05 | B3: =ローラー!H2001 -> 広島県安佐北区安佐町大字久地3723-1 | C3: =ローラー!C2001 -> 【当月】アウトソーシング | D3: =ローラー!D2001 -> 西川ゴム 安佐工場(加工機のオペレーター) | E3: =ローラー!J2001 -> 2交替 | F3: =ローラー!AR2001 -> 男性のみ | G3: =ローラー!K2001 -> 27万円程度 | H3: =ローラー!AE2001 -> 個室寮 | I3: =ローラー!AF2001 -> - | J3: =ローラー!AT2001 -> 40歳迄 | K3: =ローラー!BG2001 -> 0 | L3: =ローラー!BH2001 -> 0 | M3: ? | N3: =ローラー!G2001 -> 自動車用ゴム製品を加工する機械のオペレーター ※機械に自動車用ゴム（ウェザーストリップ）をセットし、加工や成形する作業となります
A4: =ローラー!A2002 -> 0267-06 | B4: =ローラー!H2002 -> 広島県安佐北区安佐町大字久地3723-1 | C4: =ローラー!C2002 -> 【当月】アウトソーシング | D4: =ローラー!D2002 -> 西川ゴム 安佐工場(検査・仕上げ作業) | E4: =ローラー!J2002 -> 2交替 | F4: =ローラー!AR2002 -> 男性のみ | G4: =ローラー!K2002 -> 27万円程度 | H4: =ローラー!AE2002 -> 寮対応無 | I4: =ローラー!AF2002 -> - | J4: =ローラー!AT2002 -> 40歳迄 | K4: =ローラー!BG2002 -> 0 | L4: =ローラー!BH2002 -> 0 | M4: ? | N4: =ローラー!G2002 -> 自動車のドア・トランクなどに用いるウェザーストリップ（ゴム製の枠）製造 仕上げ工程（成型後の製品）バリ取り・クリップ取付・テープ貼りなど
A5: =ローラー!A2003 -> 11366-01 | B5: =ローラー!H2003 -> 広島県三原市沼田西町小原10200番地39 | C5: =ローラー!C2003 -> 【当月】アウトソーシング | D5: =ローラー!D2003 -> 西川ゴム工業 三原 | E5: =ローラー!J2003 -> 2交替 | F5: =ローラー!AR2003 -> 男性のみ | G5: =ローラー!K2003 -> 27万円程度 | H5: =ローラー!AE2003 -> 個室寮 | I5: =ローラー!AF2003 -> 実費 | J5: =ローラー!AT2003 -> 40歳迄 | K5: =ローラー!BG2003 -> 0 | L5: =ローラー!BH2003 -> 0 | M5: ? | N5: =ローラー!G2003 -> 自動車ゴム製品の仕上作業（ウェザーストリップ）※ドア、トランクなどの防水・防音用のｺﾞﾑ枠です。 ※機械にゴム製品をセットし、製品の仕上がりをチェックしていただく作業となります バリ取り、クリップ取付、テープ貼りなど
A6: =ローラー!A2004 -> 3377-02 | B6: =ローラー!H2004 -> 広島県呉市郷原町4010－1 | C6: =ローラー!C2004 -> 【当月】アウトソーシング | D6: =ローラー!D2004 -> ディスコ | E6: =ローラー!J2004 -> 日勤 （配属先により一部異なる勤務） | F6: =ローラー!AR2004 -> 男女可 （業務内容により異なる） ①男女不問 ②男女不問 ③男女不問 ④女性のみ ⑤男性のみ ⑥女性のみ | G6: =ローラー!K2004 -> 32万円程度 | H6: =ローラー!AE2004 -> 個室寮 | I6: =ローラー!AF2004 -> 無料 | J6: =ローラー!AT2004 -> 49歳迄（50代は経験により相談可） | K6: =ローラー!BG2004 -> 0 | L6: =ローラー!BH2004 -> 0 | M6: ? | N6: =ローラー!G2004 -> ASSY部品組立･装置一式組立･配線接続･装置調整 ①倉庫作業（フォーク資格必須）←充足 ②製造装置組立（組立経験必須）←充足 ③アルミフレーム生産業務←充足 ④電装生産業務←充足 ⑤機械加工（加工経験必須）←募集中 ⑥グラインディングホイール製造 （※就業時間異なる8:00～16:45）←充足
A7: =ローラー!A2005 -> 4793-02 | B7: =ローラー!H2005 -> 山口県山口市大字上小鯖2401番地 | C7: =ローラー!C2005 -> 【当月】アウトソーシング | D7: =ローラー!D2005 -> 南条装備工業 | E7: =ローラー!J2005 -> 2交替 | F7: =ローラー!AR2005 -> 男性のみ | G7: =ローラー!K2005 -> 28万円程度 | H7: =ローラー!AE2005 -> 個室寮 | I7: =ローラー!AF2005 -> 無料 ※車で40分程度かかります。 | J7: =ローラー!AT2005 -> 40代迄 | K7: =ローラー!BG2005 -> 0 | L7: =ローラー!BH2005 -> 0 | M7: ? | N7: =ローラー!G2005 -> ドアトリムの加工製造工程 マツダ車メインのドアトリムの部品の加工、検査等の業務となり 簡単な組み付け作業やマシンＯＰの業務を中心に行います。
A8: =ローラー!A2006 -> 3698-01 | B8: =ローラー!H2006 -> 山口県山口市朝田作田口1285 | C8: =ローラー!C2006 -> 【当月】アウトソーシング | D8: =ローラー!D2006 -> パナソニック インダストリアルソリューションズ山口 | E8: =ローラー!J2006 -> 4勤2休 ①②3班2交代制 | F8: =ローラー!AR2006 -> 男性のみ | G8: =ローラー!K2006 -> 32万円程度 | H8: =ローラー!AE2006 -> 個室寮 | I8: =ローラー!AF2006 -> 無料 | J8: =ローラー!AT2006 -> 40歳迄（40代後半相談可） | K8: =ローラー!BG2006 -> 0 | L8: =ローラー!BH2006 -> 0 | M8: ? | N8: =ローラー!G2006 -> 造装置のオペレーターおよび付随する業務材料供給や出来上がった製品の運搬 6/4～今回募集「運搬」のみになります（かなり歩き回ります）
A9: =ローラー!A2007 -> 1791-02 | B9: =ローラー!H2007 -> 山口県防府市浜方534-7 | C9: =ローラー!C2007 -> 【当月】アウトソーシング | D9: =ローラー!D2007 -> ダイキョーニシカワ中関 相談次第ですが、1週間以上前に入寮でも相談出来ます！ | E9: =ローラー!J2007 -> 2交替 ※入社後、習熟期間（約1ヶ月）日勤の可能性あり | F9: =ローラー!AR2007 -> 男女可 | G9: =ローラー!K2007 -> 29万円程度 | H9: =ローラー!AE2007 -> 個室寮 | I9: =ローラー!AF2007 -> 無料 | J9: =ローラー!AT2007 -> 18歳～49歳迄 （20代女性身長160㎝以上、40代前半男性が好ましい） | K9: =ローラー!BG2007 -> 0 | L9: =ローラー!BH2007 -> 0 | M9: ? | N9: =ローラー!G2007 -> 自動車内外装部品成形･組立・塗装・検査
A10: =ローラー!A2008 -> 12090-01 | B10: =ローラー!H2008 -> 山口県山口市佐山3-13 | C10: =ローラー!C2008 -> 【当月】アウトソーシング | D10: =ローラー!D2008 -> ヒロタニ | E10: =ローラー!J2008 -> 2交替 | F10: =ローラー!AR2008 -> 男性のみ | G10: =ローラー!K2008 -> 33万円程度 | H10: =ローラー!AE2008 -> 個室寮 | I10: =ローラー!AF2008 -> 無料 | J10: =ローラー!AT2008 -> 35歳迄 | K10: =ローラー!BG2008 -> 0 | L10: =ローラー!BH2008 -> 0 | M10: ? | N10: =ローラー!G2008 -> 自動車部品の製造 部品プレス成型・部品取り付け・検査業務
A11: =ローラー!A2009 -> 5167-01 | B11: =ローラー!H2009 -> 山口県下松市大字東豊井794 | C11: =ローラー!C2009 -> 【当月】アウトソーシング | D11: =ローラー!D2009 -> くまさんメディクス | E11: =ローラー!J2009 -> 日勤 | F11: =ローラー!AR2009 -> 男性のみ | G11: =ローラー!K2009 -> 26万円程度 | H11: =ローラー!AE2009 -> 個室寮 | I11: =ローラー!AF2009 -> 無料 | J11: =ローラー!AT2009 -> 40歳迄 | K11: =ローラー!BG2009 -> 0 | L11: =ローラー!BH2009 -> 0 | M11: ? | N11: =ローラー!G2009 -> 半導体製造装置の部品組立及び検査
A12: =ローラー!A2010 -> 50076-01 | B12: =ローラー!H2010 -> 福岡県京都郡苅田町新浜町1番地 | C12: =ローラー!C2010 -> 【当月】アウトソーシング | D12: =ローラー!D2010 -> 錦陵⼯業 | E12: =ローラー!J2010 -> 2交替 基本①と②の組み合わせの2交替、⽣産ラインによって③と④の組み合わせの場合有 | F12: =ローラー!AR2010 -> 男性のみ | G12: =ローラー!K2010 -> 28万円程度 | H12: =ローラー!AE2010 -> 個室寮 | I12: =ローラー!AF2010 -> 5割補助 | J12: =ローラー!AT2010 -> ・年齢39歳迄 ※35歳以上で製造未経験の方は都度お伺い | K12: =ローラー!BG2010 -> 0 | L12: =ローラー!BH2010 -> 0 | M12: ? | N12: =ローラー!G2010 -> ⾃動⾞部品（シート）製造
A13: =ローラー!A2011 -> 2125-01 | B13: =ローラー!H2011 -> 福岡県朝倉市平塚261-1 | C13: =ローラー!C2011 -> 【当月】アウトソーシング | D13: =ローラー!D2011 -> 明石機械工業 福岡工場 | E13: =ローラー!J2011 -> 2交替 | F13: =ローラー!AR2011 -> 男性のみ | G13: =ローラー!K2011 -> 28.9万円程度 | H13: =ローラー!AE2011 -> 個室寮 | I13: =ローラー!AF2011 -> 無料 | J13: =ローラー!AT2011 -> 39歳以下(40・41歳は1年以上の製造経験必須※出来れば直近) | K13: =ローラー!BG2011 -> 0 | L13: =ローラー!BH2011 -> 0 | M13: ? | N13: =ローラー!G2011 -> 駆動部品のミッションやステアリングの加⼯・組付の作業及び運搬
... A2002: =ローラー!A4000 -> 0 | B2002: =ローラー!H4000 -> 0 | C2002: =ローラー!C4000 -> 0 | D2002: =ローラー!D4000 -> 0 | E2002: =ローラー!J4000 -> 0 | F2002: =ローラー!AR4000 -> 0 | G2002: =ローラー!K4000 -> 0 | H2002: =ローラー!AE4000 -> 0 | I2002: =ローラー!AF4000 -> 0 | J2002: =ローラー!AT4000 -> 0 | K2002: =ローラー!BG4000 -> 0 | L2002: =ローラー!BH4000 -> 0 | M2002: ? | N2002: =ローラー!G4000 -> 0
